Workbook
Name h: Caetê!$F$35

Sheet 196 DESONERADO
B1: COMPANHIA DE DESENVOLVIMENTO HABITACIONAL E URBANO
A2: DO ESTADO DE SÃO PAULO
A3: BOLETIM REFERENCIAL DE CUSTOS - TABELA DE SERVIÇOS
A4: COM DESONERAÇÃO
F5: Versão 196
E6: Data Base: | F6: NOV/24
C7: BDI : | D7: 0 | E7: L.S.: | F7: 0.9778
A8: Referência | B8: Descrição | C8: Un | D8: Material | E8: Mão de Obra | F8: Custo Total
A9: 01 | B9: SERVICO TECNICO ESPECIALIZADO | G9: =LEN(A9) -> 2
A10: 01.02 | B10: Parecer técnico | G10: =LEN(A10) -> 5
A11: 01.02.071 | B11: Parecer técnico de fundações, contenções e recomendações gerais, para empreendimentos com área construída até 1.000 m² | C11: UN | E11: 5890.28 | F11: 5890.28 | G11: =LEN(A11) -> 9
A12: 01.02.081 | B12: Parecer técnico de fundações, contenções e recomendações gerais, para empreendimentos com área construída de 1.001 a 2.000 m² | C12: UN | E12: 7832.93 | F12: 7832.93 | G12: =LEN(A12) -> 9
A13: 01.02.091 | B13: Parecer técnico de fundações, contenções e recomendações gerais, para empreendimentos com área construída de 2.001 a 5.000 m² | C13: UN | E13: 13380.39 | F13: 13380.39 | G13: =LEN(A13) -> 9
A14: 01.02.101 | B14: Parecer técnico de fundações, contenções e recomendações gerais, para empreendimentos com área construída de 5.001 a 10.000 m² | C14: UN | E14: 18346.09 | F14: 18346.09 | G14: =LEN(A14) -> 9
A15: 01.02.111 | B15: Parecer técnico de fundações, contenções e recomendações gerais, para empreendimentos com área construída acima de 10.000 m² | C15: UN | E15: 21379.53 | F15: 21379.53 | G15: =LEN(A15) -> 9
A16: 01.06 | B16: Projeto de instalações elétricas | G16: =LEN(A16) -> 5
A17: 01.06.021 | B17: Elaboração de projeto de adequação de entrada de energia elétrica junto a concessionária, com medição em baixa tensão e demanda até 75 kVA | C17: UN | E17: 7523.6 | F17: 7523.6 | G17: =LEN(A17) -> 9
A18: 01.06.031 | B18: Elaboração de projeto de adequação de entrada de energia elétrica junto a concessionária, com medição em média tensão, subestação simplificada e demanda de 75 kVA a 300 kVA | C18: UN | E18: 12743.6 | F18: 12743.6 | G18: =LEN(A18) -> 9
A19: 01.06.032 | B19: Elaboração de projeto de adequação de entrada de energia elétrica junto a concessionária, com medição em média tensão e demanda de 75 kVA a 300 kVA | C19: UN | E19: 17244.4 | F19: 17244.4 | G19: =LEN(A19) -> 9
A20: 01.06.041 | B20: Elaboração de projeto de adequação de entrada de energia elétrica junto a concessionária, com medição em média tensão e demanda acima de 300 kVA a 2 MVA | C20: UN | E20: 22937 | F20: 22937 | G20: =LEN(A20) -> 9
A21: 01.17 | B21: Projeto executivo | G21: =LEN(A21) -> 5
A22: 01.17.031 | B22: Projeto executivo de arquitetura em formato A1 | C22: UN | E22: 2963.49 | F22: 2963.49 | G22: =LEN(A22) -> 9
A23: 01.17.041 | B23: Projeto executivo de arquitetura em formato A0 | C23: UN | E23: 4006.34 | F23: 4006.34 | G23: =LEN(A23) -> 9
A24: 01.17.051 | B24: Projeto executivo de estrutura em formato A1 | C24: UN | E24: 2173.38 | F24: 2173.38 | G24: =LEN(A24) -> 9
A25: 01.17.061 | B25: Projeto executivo de estrutura em formato A0 | C25: UN | E25: 2973.59 | F25: 2973.59 | G25: =LEN(A25) -> 9
A26: 01.17.071 | B26: Projeto executivo de instalações hidráulicas em formato A1 | C26: UN | E26: 933.03 | F26: 933.03 | G26: =LEN(A26) -> 9
A27: 01.17.081 | B27: Projeto executivo de instalações hidráulicas em formato A0 | C27: UN | E27: 1241.98 | F27: 1241.98 | G27: =LEN(A27) -> 9
A28: 01.17.111 | B28: Projeto executivo de instalações elétricas em formato A1 | C28: UN | E28: 1036.11 | F28: 1036.11 | G28: =LEN(A28) -> 9
A29: 01.17.121 | B29: Projeto executivo de instalações elétricas em formato A0 | C29: UN | E29: 1436.63 | F29: 1436.63 | G29: =LEN(A29) -> 9
A30: 01.17.151 | B30: Projeto executivo de climatização em formato A1 | C30: UN | E30: 1994.3 | F30: 1994.3 | G30: =LEN(A30) -> 9
A31: 01.17.161 | B31: Projeto executivo de climatização em formato A0 | C31: UN | E31: 2718.44 | F31: 2718.44 | G31: =LEN(A31) -> 9
A32: 01.17.171 | B32: Projeto executivo de chuveiros automáticos em formato A1 | C32: UN | E32: 1721.75 | F32: 1721.75 | G32: =LEN(A32) -> 9
A33: 01.17.181 | B33: Projeto executivo de chuveiros automáticos em formato A0 | C33: UN | E33: 2225.43 | F33: 2225.43 | G33: =LEN(A33) -> 9
A34: 01.20 | B34: Levantamento topográfico e geofísico | G34: =LEN(A34) -> 5
A35: 01.20.010 | B35: Taxa de mobilização e desmobilização de equipamentos para execução de levantamento topográfico | C35: TX | D35: 1215.76 | F35: 1215.76 | G35: =LEN(A35) -> 9
A36: 01.20.280 | B36: Levantamento planimétrico de área pavimentada para veículo e pedestre | C36: M2 | D36: 0.05 | E36: 0.15 | F36: 0.2 | G36: =LEN(A36) -> 9
A37: 01.20.691 | B37: Levantamento planimétrico cadastral com áreas ocupadas predominantemente por comunidades - área até 20.000 m² (mínimo de 3.500 m²) | C37: M2 | D37: 0.39 | E37: 0.49 | F37: 0.88 | G37: =LEN(A37) -> 9
A38: 01.20.701 | B38: Levantamento planimétrico cadastral com áreas ocupadas predominantemente por comunidades - área acima de 20.000 m² até 200.000 m² | C38: M2 | D38: 0.3 | E38: 0.37 | F38: 0.67 | G38: =LEN(A38) -> 9
A39: 01.20.711 | B39: Levantamento planimétrico cadastral com áreas ocupadas predominantemente por comunidades - área acima de 200.000 m² | C39: M2 | D39: 0.26 | E39: 0.3 | F39: 0.56 | G39: =LEN(A39) -> 9
A40: 01.20.721 | B40: Levantamento planimétrico cadastral com áreas até 50% de ocupação - área até 20.000 m² (mínimo de 3.500 m²) | C40: M2 | D40: 0.34 | E40: 0.42 | F40: 0.76 | G40: =LEN(A40) -> 9
A41: 01.20.731 | B41: Levantamento planimétrico cadastral com áreas até 50% de ocupação - área acima de 20.000 m² até 200.000 m² | C41: M2 | D41: 0.16 | E41: 0.47 | F41: 0.63 | G41: =LEN(A41) -> 9
A42: 01.20.741 | B42: Levantamento planimétrico cadastral com áreas até 50% de ocupação - área acima de 200.000 m² | C42: M2 | D42: 0.22 | E42: 0.26 | F42: 0.48 | G42: =LEN(A42) -> 9
A43: 01.20.751 | B43: Levantamento planimétrico cadastral com áreas acima de 50% de ocupação - área até 20.000 m² (mínimo de 4.000 m²) | C43: M2 | D43: 0.29 | E43: 0.37 | F43: 0.66 | G43: =LEN(A43) -> 9
A44: 01.20.761 | B44: Levantamento planimétrico cadastral com áreas acima de 50% de ocupação - área acima de 20.000 m² até 200.000 m² | C44: M2 | D44: 0.26 | E44: 0.33 | F44: 0.59 | G44: =LEN(A44) -> 9
A45: 01.20.771 | B45: Levantamento planimétrico cadastral com áreas acima de 50% de ocupação - área acima de 200.000 m² | C45: M2 | D45: 0.26 | E45: 0.31 | F45: 0.57 | G45: =LEN(A45) -> 9
A46: 01.20.781 | B46: Levantamento planialtimétrico cadastral com áreas ocupadas predominantemente por comunidades - área até 20.000 m² (mínimo de 3.500 m²) | C46: M2 | D46: 0.41 | E46: 0.51 | F46: 0.92 | G46: =LEN(A46) -> 9
A47: 01.20.791 | B47: Levantamento planialtimétrico cadastral com áreas ocupadas predominantemente por comunidades - área acima de 20.000 m² até 200.000 m² | C47: M2 | D47: 0.33 | E47: 0.42 | F47: 0.75 | G47: =LEN(A47) -> 9
... A60: 01.20.921 | B60: Implantação de marcos através de levantamento com GPS (mínimo de 3 marcos) | C60: UN | D60: 696.74 | E60: 420.57 | F60: 1117.31 | G60: =LEN(A60) -> 9
A61: 01.21 | B61: Estudo geotecnico (sondagem) | G61: =LEN(A61) -> 5
A62: 01.21.010 | B62: Taxa de mobilização e desmobilização de equipamentos para execução de sondagem | C62: TX | D62: 1281.25 | F62: 1281.25 | G62: =LEN(A62) -> 9
A63: 01.21.090 | B63: Taxa de mobilização e desmobilização de equipamentos para execução de sondagem rotativa | C63: TX | D63: 6509.59 | F63: 6509.59 | G63: =LEN(A63) -> 9
A64: 01.21.100 | B64: Sondagem do terreno a trado | C64: M | D64: 95.01 | F64: 95.01 | G64: =LEN(A64) -> 9
A65: 01.21.110 | B65: Sondagem do terreno à percussão (mínimo de 30 m) | C65: M | D65: 86.73 | F65: 86.73 | G65: =LEN(A65) -> 9
A66: 01.21.120 | B66: Sondagem do terreno rotativa em solo | C66: M | D66: 386.06 | F66: 386.06 | G66: =LEN(A66) -> 9
A67: 01.21.130 | B67: Sondagem do terreno rotativa em rocha | C67: M | D67: 620.21 | F67: 620.21 | G67: =LEN(A67) -> 9
A68: 01.21.140 | B68: Sondagem do terreno à percussão com a utilização de torquímetro (mínimo de 30 m) | C68: M | D68: 91.59 | F68: 91.59 | G68: =LEN(A68) -> 9
A69: 01.23 | B69: Tratamento, recuperação e trabalhos especiais em concreto | G69: =LEN(A69) -> 5
A70: 01.23.010 | B70: Taxa de mobilização e desmobilização de equipamentos para execução de corte em concreto armado | C70: TX | D70: 376.29 | F70: 376.29 | G70: =LEN(A70) -> 9
A71: 01.23.020 | B71: Limpeza de armadura com escova de aço | C71: M2 | D71: 2.78 | E71: 5.57 | F71: 8.35 | G71: =LEN(A71) -> 9
A72: 01.23.030 | B72: Preparo de ponte de aderência com adesivo a base de epóxi | C72: M2 | D72: 102.62 | E72: 41.18 | F72: 143.8 | G72: =LEN(A72) -> 9
A73: 01.23.056 | B73: Tratamento de armadura com produto anticorrosivo a base de zinco | C73: M2 | D73: 25.54 | E73: 39.26 | F73: 64.8 | G73: =LEN(A73) -> 9
A74: 01.23.060 | B74: Corte de concreto deteriorado inclusive remoção dos detritos | C74: M2 | E74: 27.86 | F74: 27.86 | G74: =LEN(A74) -> 9
A75: 01.23.070 | B75: Demarcação de área com disco de corte diamantado | C75: M | D75: 1.05 | E75: 4.12 | F75: 5.17 | G75: =LEN(A75) -> 9
A76: 01.23.100 | B76: Demolição de concreto armado com preservação de armadura, para reforço e recuperação estrutural | C76: M3 | E76: 420.42 | F76: 420.42 | G76: =LEN(A76) -> 9
A77: 01.23.140 | B77: Furação de 1 1/4´ em concreto armado | C77: M | D77: 236.35 | F77: 236.35 | G77: =LEN(A77) -> 9
A78: 01.23.150 | B78: Furação de 1 1/2´ em concreto armado | C78: M | D78: 269.57 | F78: 269.57 | G78: =LEN(A78) -> 9
A79: 01.23.160 | B79: Furação de 2 1/4´ em concreto armado | C79: M | D79: 346.07 | F79: 346.07 | G79: =LEN(A79) -> 9
A80: 01.23.190 | B80: Furação de 2 1/2´ em concreto armado | C80: M | D80: 354.18 | F80: 354.18 | G80: =LEN(A80) -> 9
A81: 01.23.200 | B81: Taxa de mobilização e desmobilização de equipamentos para execução de perfuração em concreto | C81: TX | D81: 243.79 | F81: 243.79 | G81: =LEN(A81) -> 9
A82: 01.23.221 | B82: Furação para até 10mm x 100mm em concreto armado, inclusive colagem de armadura (para até 8mm) | C82: UN | D82: 13.35 | F82: 13.35 | G82: =LEN(A82) -> 9
A83: 01.23.222 | B83: Furação para 12,5mm x 100mm em concreto armado, inclusive colagem de armadura (para 10mm) | C83: UN | D83: 14.61 | F83: 14.61 | G83: =LEN(A83) -> 9
A84: 01.23.223 | B84: Furação para 16mm x 100mm em concreto armado, inclusive colagem de armadura (para 12,5mm) | C84: UN | D84: 16.39 | F84: 16.39 | G84: =LEN(A84) -> 9
A85: 01.23.231 | B85: Furação para até 10mm x 150mm em concreto armado, inclusive colagem de armadura (para até 8mm) | C85: UN | D85: 20.02 | F85: 20.02 | G85: =LEN(A85) -> 9
A86: 01.23.232 | B86: Furação para 12,5mm x 150mm em concreto armado, inclusive colagem de armadura (para 10mm) | C86: UN | D86: 21.54 | F86: 21.54 | G86: =LEN(A86) -> 9
A87: 01.23.233 | B87: Furação para 16mm x 150mm em concreto armado, inclusive colagem de armadura (para 12,5mm) | C87: UN | D87: 24.17 | F87: 24.17 | G87: =LEN(A87) -> 9
A88: 01.23.234 | B88: Furação para 20mm x 150mm em concreto armado, inclusive colagem de armadura (para 16mm) | C88: UN | D88: 26.1 | F88: 26.1 | G88: =LEN(A88) -> 9
... A99: 01.23.510 | B99: Corte vertical em concreto armado, espessura de 15 cm | C99: M | D99: 209.8 | F99: 209.8 | G99: =LEN(A99) -> 9
A100: 01.23.700 | B100: Taxa de mobilização e desmobilização para reforço estrutural com fibra de carbono | C100: TX | D100: 1673.44 | E100: 3780.13 | F100: 5453.57 | G100: =LEN(A100) -> 9
A101: 01.23.701 | B101: Preparação de substrato para colagem de fibra de carbono, mediante lixamento e/ou apicoamento e escovação | C101: M2 | D101: 6.95 | E101: 40.25 | F101: 47.2 | G101: =LEN(A101) -> 9
A102: 01.23.702 | B102: Fibra de carbono para reforço estrutural de alta resistência - 300 g/m² | C102: M2 | D102: 189.35 | E102: 286.3 | F102: 475.65 | G102: =LEN(A102) -> 9
A103: 01.27 | B103: Estudo e programa ambientais | G103: =LEN(A103) -> 5
A104: 01.27.011 | B104: Projeto e implementação de gerenciamento integrado de resíduos sólidos e gestão de perdas | C104: UN | D104: 199.7 | E104: 8349.91 | F104: 8549.61 | G104: =LEN(A104) -> 9
A105: 01.27.021 | B105: Projeto e implementação de educação ambiental | C105: UN | D105: 199.7 | E105: 11184.76 | F105: 11384.46 | G105: =LEN(A105) -> 9
A106: 01.27.031 | B106: Projeto e implementação de controle ambiental de obra | C106: UN | D106: 199.7 | E106: 9896.76 | F106: 10096.46 | G106: =LEN(A106) -> 9
A107: 01.27.041 | B107: Laudo de caracterização de vegetação | C107: UN | D107: 575.95 | E107: 23046.96 | F107: 23622.91 | G107: =LEN(A107) -> 9
A108: 01.27.051 | B108: Laudo de caracterização da fauna associada à flora | C108: UN | D108: 575.95 | E108: 35365.05 | F108: 35941 | G108: =LEN(A108) -> 9
A109: 01.27.061 | B109: Projeto e implementação de monitoramento da fauna durante a obra | C109: UN | D109: 575.95 | E109: 14019.64 | F109: 14595.59 | G109: =LEN(A109) -> 9
A110: 01.27.071 | B110: Laudo de autodepuração | C110: UN | D110: 468.45 | E110: 16826.82 | F110: 17295.27 | G110: =LEN(A110) -> 9
A111: 01.27.091 | B111: Estudo de impacto de vizinhança, em área urbana até 10.000 m² | C111: UN | D111: 285.7 | E111: 27254.43 | F111: 27540.13 | G111: =LEN(A111) -> 9
A112: 01.28 | B112: Poço profundo | G112: =LEN(A112) -> 5
A113: 01.28.010 | B113: Taxa de mobilização e desmobilização de equipamentos para execução de perfuração para poço profundo - profundidade até 200 m | C113: TX | D113: 8405.03 | F113: 8405.03 | G113: =LEN(A113) -> 9
A114: 01.28.020 | B114: Taxa de mobilização e desmobilização de equipamentos para execução de perfuração para poço profundo - profundidade acima de 200 m e até 300 m | C114: TX | D114: 12742.62 | F114: 12742.62 | G114: =LEN(A114) -> 9
A115: 01.28.030 | B115: Taxa de mobilização e desmobilização de equipamentos para execução de perfuração para poço profundo - profundidade acima de 300 m | C115: TX | D115: 12947.7 | F115: 12947.7 | G115: =LEN(A115) -> 9
A116: 01.28.040 | B116: Perfuração rotativa para poço profundo em camadas de solos sedimentares, diâmetro de 8 1/2" (215,90 mm) | C116: M | D116: 694.04 | F116: 694.04 | G116: =LEN(A116) -> 9
A117: 01.28.050 | B117: Perfuração rotativa para poço profundo em aluvião, arenito, ou solos sedimentados em geral, diâmetro de 10" (250 mm) | C117: M | D117: 487.58 | F117: 487.58 | G117: =LEN(A117) -> 9
A118: 01.28.060 | B118: Perfuração rotativa para poço profundo em aluvião, arenito, ou solos sedimentados em geral, diâmetro de 12" (300 mm) | C118: M | D118: 1257.76 | F118: 1257.76 | G118: =LEN(A118) -> 9
A119: 01.28.070 | B119: Perfuração rotativa para poço profundo em aluvião, arenito, ou solos sedimentados em geral, diâmetro de 14" (350 mm) | C119: M | D119: 1276.19 | F119: 1276.19 | G119: =LEN(A119) -> 9
A120: 01.28.080 | B120: Perfuração rotativa para poço profundo em aluvião, arenito, ou solos sedimentados em geral, diâmetro de 16" (400 mm) | C120: M | D120: 1594.19 | F120: 1594.19 | G120: =LEN(A120) -> 9
A121: 01.28.090 | B121: Perfuração rotativa para poço profundo em aluvião, arenito, ou solos sedimentados em geral, diâmetro de 18" (450 mm) | C121: M | D121: 2057.25 | F121: 2057.25 | G121: =LEN(A121) -> 9
A122: 01.28.100 | B122: Perfuração rotativa para poço profundo em aluvião, arenito, ou solos sedimentados em geral, diâmetro de 20" (500 mm) | C122: M | D122: 2328.29 | F122: 2328.29 | G122: =LEN(A122) -> 9
...

Sheet BDI DESON.
B2: DEMONSTRATIVO DE COMPOSIÇÃO DO BDI (acórdào 2622/2013-TCU-Plenário)
B4: Prefeitura do Município de Santa Branca
B5: Processo nº ST-PRC_2021-00146-DM
B6: Convênio nº
B7: Data da Elaboração: 02/09/2021
B8: Objeto: XXXXXXXXXXXXX
B10: Cálculo do BDI - COM DESONERAÇÃO Fórmula e parâmetros estabelecidos pelo Acórdão 2622/2013-TCU-Plenário
B11: Item | C11: 1º quartil | D11: 3º quartil | E11: Médio | F11: Identificação
B12: AC | C12: 3.8 | D12: 4.67 | E12: 4.67 | F12: Administração Central
B13: S e G | C13: 0.32 | D13: 0.74 | E13: 0.74 | F13: Seguro e Garantia
B14: R | C14: 0.5 | D14: 0.97 | E14: 0.97 | F14: Risco
B15: DF | C15: 1.02 | D15: 1.21 | E15: 1.21 | F15: Despesas Financeiras
B16: L | C16: 6.64 | D16: 8.69 | E16: 7.79 | F16: Lucro
B17: I * | C17: conforme legislação | E17: =C24 -> 10.15 | F17: Tributos *
B19: TRIBUTOS | C19: %
B20: PIS** | C20: 0.65
B21: COFINS** | C21: 3
B22: Cont. Previd. | C22: 4.5 | D22: (Contribuição Previdenciária sobre a receita bruta, no caso de desoneração na folha)
B23: ISS | C23: =IF(OR(H27="",J26=""),"",IF(ROUND(J26*H27*100,2)>5,"ERRO",(ROUND(J26*H27*100,2)))) -> 2
B24: Total | C24: =IF(C23="","",SUM(C20:C23)) -> 10.15
B26: Declaramos que, conforme legislação tributária municipal, a base de cálculo do ISS é de | J26: 1
B27: sobre o valor da obra e a aliquota do ISS aplicável no Município é de | H27: 0.02 | I27: ← (limitado a 5,00%)
D29: TOTAL | E29: =IF(OR(C23="",E12="",E13="",E14="",E15="",E16=""),0,ROUND((((1+E12/100+E13/100+E14/100)*(1+E15/100)*(1+E16/100)/(1-(C24/100)))-1)*100,2)) -> 29.16 | F29: BDI A SER ADOTADO (com desoneração)
B31: Verificação: | C31: =IF(OR(C23="",E12="",E13="",E14="",E15="",E16=""),0,IF(OR(ROUND((((1+E12/100+E13/100+E14/100)*(1+E15/100)*(1+E16/100)/(1-((C24-C22)/100)))-1)*100,2)>24.23,ROUND((((1+E12/100+E13/100+E14/100)*(1+E15/100)*(1+E16/100)/(1-((C24-C22)/100)))-1)*100,2)<19.6),"FORA DO LIMITE !",ROUND((((1+E12/100+E13/100+E14/100)*(1+E15/100)*(1+E16/100)/(1-((C24-C22)/100)))-1)*100,2))) -> 23 | D31: ← limite 19,60% a 24,23% (com desoneração)
B33: FÓRMULA
B35: BDI calculado pela expressão: BDI = { [ (1+AC/100+S/100+R/100+G/100) x (1+DF/100) x (1+L/100) / (1-I/100)] -1} x 100
B39: Declaramos sob pena da Lei que a alternativa adotada pela Prefeitura do Município de Santa Branca é Sem Desoneração e que é a mais vantajosa para a Administração Pública.
J41: Santa Branca, 02 de setembro de 2021.
B46: Arthur Ribeiro Alvares Pimenta | G46: Hudson de Melo Domiciano
B47: Responsável Técnico | G47: Gestor Contábil
B48: CREA/SP: 5069103559 | G48: CRC-SP 1SP302996/O-1
A738: 13.01.190 | B738: Laje pré-fabricada mista vigota treliçada/lajota cerâmica - LT 24 (20+4) e capa com concreto de 25 MPa | C738: M2 | D738: 141,86 | E738: 30,41 | F738: 172,27
A739: 13.01.210 | B739: Laje pré-fabricada mista vigota treliçada/lajota cerâmica - LT 30 (24+6) e capa com concreto de 25 MPa | C739: M2 | D739: 178,03 | E739: 33,38 | F739: 211,41
A740: 13.01.310 | B740: Laje pré-fabricada unidirecional em viga treliçada/lajota em EPS LT 12 (8 + 4), com capa de concreto de 25 MPa | C740: M2 | D740: 102,42 | E740: 25,75 | F740: 128,17
A741: 13.01.320 | B741: Laje pré-fabricada unidirecional em viga treliçada/lajota em EPS LT 16 (12 + 4), com capa de concreto de 25 MPa | C741: M2 | D741: 119,56 | E741: 25,75 | F741: 145,31
A742: 13.01.330 | B742: Laje pré-fabricada unidirecional em viga treliçada/lajota em EPS LT 20 (16 + 4), com capa de concreto de 25 MPa | C742: M2 | D742: 163,32 | E742: 28,08 | F742: 191,40
A743: 13.01.340 | B743: Laje pré-fabricada unidirecional em viga treliçada/lajota em EPS LT 25 (20 + 5), com capa de concreto de 25 MPa | C743: M2 | D743: 152,83 | E743: 30,41 | F743: 183,24
A744: 13.01.350 | B744: Laje pré-fabricada unidirecional em viga treliçada/lajota em EPS LT 30 (25 + 5), com capa de concreto de 25 MPa | C744: M2 | D744: 240,53 | E744: 33,38 | F744: 273,91
A745: 13.02 | B745: Laje pre-fabricada mista em vigotas protendidas e lajotas
A746: 13.02.150 | B746: Laje pré-fabricada mista vigota protendida/lajota cerâmica - LP 12 (8+4) e capa com concreto de 25 MPa | C746: M2 | D746: 114,25 | E746: 25,75 | F746: 140,00
A747: 13.02.170 | B747: Laje pré-fabricada mista vigota protendida/lajota cerâmica - LP 16 (12+4) e capa com concreto de 25 MPa | C747: M2 | D747: 131,21 | E747: 28,08 | F747: 159,29
A748: 13.02.190 | B748: Laje pré-fabricada mista vigota protendida/lajota cerâmica - LP 20 (16+4) e capa com concreto de 25 MPa | C748: M2 | D748: 141,10 | E748: 30,41 | F748: 171,51
A749: 13.02.210 | B749: Laje pré-fabricada mista vigota protendida/lajota cerâmica - LP 25 (20+5) e capa com concreto de 25 MPa | C749: M2 | D749: 152,71 | E749: 33,38 | F749: 186,09
A750: 13.05 | B750: Pre-laje
A751: 13.05.084 | B751: Pré-laje em painel pré-fabricado treliçado, com EPS, H= 12 cm | C751: M2 | D751: 129,94 | E751: 7,85 | F751: 137,79
A752: 13.05.090 | B752: Pré-laje em painel pré-fabricado treliçado, com EPS, H= 16 cm | C752: M2 | D752: 134,52 | E752: 8,26 | F752: 142,78
A753: 13.05.094 | B753: Pré-laje em painel pré-fabricado treliçado, com EPS, H= 20 cm | C753: M2 | D753: 146,74 | E753: 8,66 | F753: 155,40
A754: 13.05.096 | B754: Pré-laje em painel pré-fabricado treliçado, com EPS, H= 25 cm | C754: M2 | D754: 169,79 | E754: 8,82 | F754: 178,61
A755: 13.05.110 | B755: Pré-laje em painel pré-fabricado treliçado, H= 12 cm | C755: M2 | D755: 121,44 | E755: 7,85 | F755: 129,29
A756: 13.05.150 | B756: Pré-laje em painel pré-fabricado treliçado, H= 16 cm | C756: M2 | D756: 131,40 | E756: 8,25 | F756: 139,65
A757: 14 | B757: ALVENARIA E ELEMENTO DIVISOR
A758: 14.01 | B758: Alvenaria de fundação (embasamento)
A759: 14.01.020 | B759: Alvenaria de embasamento em tijolo maciço comum | C759: M3 | D759: 459,31 | E759: 266,50 | F759: 725,81
A760: 14.01.050 | B760: Alvenaria de embasamento em bloco de concreto de 14 x 19 x 39 cm - classe A | C760: M2 | D760: 47,06 | E760: 25,57 | F760: 72,63
A761: 14.01.060 | B761: Alvenaria de embasamento em bloco de concreto de 19 x 19 x 39 cm - classe A | C761: M2 | D761: 61,29 | E761: 26,15 | F761: 87,44
A762: 14.02 | B762: Alvenaria com tijolo maciço comum ou especial
A763: 14.02.020 | B763: Alvenaria de elevação de 1/4 tijolo maciço comum | C763: M2 | D763: 28,34 | E763: 32,90 | F763: 61,24
A764: 14.02.030 | B764: Alvenaria de elevação de 1/2 tijolo maciço comum | C764: M2 | D764: 39,03 | E764: 52,07 | F764: 91,10
A765: 14.02.040 | B765: Alvenaria de elevação de 1 tijolo maciço comum | C765: M2 | D765: 86,16 | E765: 84,51 | F765: 170,67
A766: 14.02.050 | B766: Alvenaria de elevação de 1 1/2 tijolo maciço comum | C766: M2 | D766: 124,59 | E766: 104,22 | F766: 228,81
A767: 14.02.070 | B767: Alvenaria de elevação de 1/2 tijolo maciço aparente | C767: M2 | D767: 108,04 | E767: 52,07 | F767: 160,11
A768: 14.02.080 | B768: Alvenaria de elevação de 1 tijolo maciço aparente | C768: M2 | D768: 244,78 | E768: 84,51 | F768: 329,29
A769: 14.03 | B769: Alvenaria com tijolo laminado aparente
A770: 14.03.020 | B770: Alvenaria de elevação de 1/4 tijolo laminado | C770: M2 | D770: 96,71 | E770: 46,41 | F770: 143,12
A771: 14.03.040 | B771: Alvenaria de elevação de 1/2 tijolo laminado | C771: M2 | D771: 182,47 | E771: 87,53 | F771: 270,00
A772: 14.03.060 | B772: Alvenaria de elevação de 1 tijolo laminado | C772: M2 | D772: 377,90 | E772: 122,43 | F772: 500,33
A773: 14.04 | B773: Alvenaria com bloco cerâmico de vedação
A774: 14.04.200 | B774: Alvenaria de bloco cerâmico de vedação, uso revestido, de 9 cm | C774: M2 | D774: 27,45 | E774: 23,56 | F774: 51,01
A775: 14.04.210 | B775: Alvenaria de bloco cerâmico de vedação, uso revestido, de 14 cm | C775: M2 | D775: 37,83 | E775: 25,57 | F775: 63,40
A776: 14.04.220 | B776: Alvenaria de bloco cerâmico de vedação, uso revestido, de 19 cm | C776: M2 | D776: 38,67 | E776: 27,44 | F776: 66,11
A777: 14.05 | B777: Alvenaria com bloco cerâmico estrutural
A778: 14.05.050 | B778: Alvenaria de bloco cerâmico estrutural, uso revestido, de 14 cm | C778: M2 | D778: 30,14 | E778: 25,57 | F778: 55,71
A779: 14.05.060 | B779: Alvenaria de bloco cerâmico estrutural, uso revestido, de 19 cm | C779: M2 | D779: 37,73 | E779: 27,44 | F779: 65,17
A780: 14.1 | B780: Alvenaria com bloco de concreto de vedação
A781: 14.10.101 | B781: Alvenaria de bloco de concreto de vedação de 9 x 19 x 39 cm - classe C | C781: M2 | D781: 27,05 | E781: 23,56 | F781: 50,61
A782: 14.10.111 | B782: Alvenaria de bloco de concreto de vedação de 14 x 19 x 39 cm - classe C | C782: M2 | D782: 33,61 | E782: 25,57 | F782: 59,18
A783: 14.10.121 | B783: Alvenaria de bloco de concreto de vedação de 19 x 19 x 39 cm - classe C | C783: M2 | D783: 43,32 | E783: 26,15 | F783: 69,47
A784: 14.11 | B784: Alvenaria com bloco de concreto estrutural
A785: 14.11.221 | B785: Alvenaria de bloco de concreto estrutural 14 x 19 x 39 cm - classe B | C785: M2 | D785: 42,24 | E785: 28,78 | F785: 71,02
A786: 14.11.231 | B786: Alvenaria de bloco de concreto estrutural 19 x 19 x 39 cm - classe B | C786: M2 | D786: 56,67 | E786: 29,51 | F786: 86,18
A787: 14.11.261 | B787: Alvenaria de bloco de concreto estrutural 14 x 19 x 39 cm - classe A | C787: M2 | D787: 48,09 | E787: 38,11 | F787: 86,20
A788: 14.11.271 | B788: Alvenaria de bloco de concreto estrutural 19 x 19 x 39 cm - classe A | C788: M2 | D788: 62,78 | E788: 40,63 | F788: 103,41
A789: 14.15 | B789: Alvenaria de concreto celular ou silico calcário
A790: 14.15.060 | B790: Alvenaria em bloco de concreto celular autoclavado de 10 cm, uso revestido - classe C25 | C790: M2 | D790: 77,00 | E790: 11,16 | F790: 88,16
A791: 14.15.100 | B791: Alvenaria em bloco de concreto celular autoclavado de 12,5 cm, uso revestido - classe C25 | C791: M2 | D791: 92,60 | E791: 11,45 | F791: 104,05
A792: 14.15.120 | B792: Alvenaria em bloco de concreto celular autoclavado de 15 cm, uso revestido - classe C25 | C792: M2 | D792: 113,65 | E792: 11,59 | F792: 125,24
A793: 14.15.140 | B793: Alvenaria em bloco de concreto celular autoclavado de 20 cm, uso revestido - classe C25 | C793: M2 | D793: 142,25 | E793: 12,03 | F793: 154,28
A794: 14.2 | B794: Pecas moldadas no local (vergas, pilaretes, etc.)
A795: 14.20.010 | B795: Vergas, contravergas e pilaretes de concreto armado | C795: M3 | D795: 1.003,12 | E795: 608,31 | F795: 1.611,43
A796: 14.20.020 | B796: Cimalha em concreto com pingadeira | C796: M | D796: 2,96 | E796: 5,50 | F796: 8,46
A797: 14.28 | B797: Elementos vazados (concreto, cerâmica e vidros)
A798: 14.28.030 | B798: Elemento vazado em concreto, tipo quadriculado de 39 x 39 x 10 cm | C798: M2 | D798: 109,45 | E798: 48,00 | F798: 157,45
A799: 14.28.096 | B799: Elemento vazado em concreto, tipo veneziana de 39 x 39 x 10 cm | C799: M2 | D799: 130,45 | E799: 48,00 | F799: 178,45
A800: 14.28.100 | B800: Elemento vazado em vidro, tipo veneziana capelinha de 20 x 10 x 10 cm | C800: M2 | D800: 1.248,66 | E800: 130,18 | F800: 1.378,84
A801: 14.28.140 | B801: Elemento vazado em vidro, tipo veneziana de 20 x 20 x 6 cm | C801: M2 | D801: 831,98 | E801: 86,44 | F801: 918,42
A802: 14.3 | B802: Divisória e fechamento
A803: 14.30.010 | B803: Divisória em placas de granito com espessura de 3 cm | C803: M2 | D803: 765,82 | E803: 56,02 | F803: 821,84
A804: 14.30.020 | B804: Divisória em placas de granilite com espessura de 3 cm | C804: M2 | D804: 208,28 | F804: 208,28
A805: 14.30.070 | B805: Divisória sanitária em painel laminado melamínico estrutural com perfis em alumínio, inclusive ferragem completa para vão de porta | C805: M2 | D805: 523,08 | F805: 523,08
A806: 14.30.080 | B806: Divisão para mictório em placas de mármore branco, com espessura de 3 cm | C806: M2 | D806: 875,82 | E806: 56,02 | F806: 931,84
...

Sheet 200 ONERADO
B1: COMPANHIA DE DESENVOLVIMENTO HABITACIONAL E URBANO
A2: DO ESTADO DE SÃO PAULO
A3: BOLETIM REFERENCIAL DE CUSTOS - TABELA DE SERVIÇOS
A4: SEM DESONERAÇÃO
F5: Versão 200
E6: Data Base: | F6: NOV/25
C7: BDI : | D7: 0 | E7: L.S.: | F7: 1.2823
A8: Referência | B8: Descrição | C8: Un | D8: Material | E8: Mão de Obra | F8: Custo Total
A9: 01 | B9: SERVICO TECNICO ESPECIALIZADO
A10: 01.02 | B10: Parecer técnico
A11: 01.02.071 | B11: Parecer técnico de fundações, contenções e recomendações gerais, para empreendimentos com área construída até 1.000 m² | C11: UN | E11: 7204.93 | F11: 7204.93 | G11: 15
A12: 01.02.081 | B12: Parecer técnico de fundações, contenções e recomendações gerais, para empreendimentos com área construída de 1.001 a 2.000 m² | C12: UN | E12: 9581.15 | F12: 9581.15 | G12: 15
A13: 01.02.091 | B13: Parecer técnico de fundações, contenções e recomendações gerais, para empreendimentos com área construída de 2.001 a 5.000 m² | C13: UN | E13: 16366.75 | F13: 16366.75 | G13: 15
A14: 01.02.101 | B14: Parecer técnico de fundações, contenções e recomendações gerais, para empreendimentos com área construída de 5.001 a 10.000 m² | C14: UN | E14: 22440.73 | F14: 22440.73 | G14: 15
A15: 01.02.111 | B15: Parecer técnico de fundações, contenções e recomendações gerais, para empreendimentos com área construída acima de 10.000 m² | C15: UN | E15: 26151.21 | F15: 26151.21 | G15: 15
A16: 01.06 | B16: Projeto de instalações elétricas
A17: 01.06.021 | B17: Elaboração de projeto de adequação de entrada de energia elétrica junto a concessionária, com medição em baixa tensão e demanda até 75 kVA | C17: UN | E17: 9202.36 | F17: 9202.36 | G17: 15
A18: 01.06.031 | B18: Elaboração de projeto de adequação de entrada de energia elétrica junto a concessionária, com medição em média tensão, subestação simplificada e demanda de 75 kVA a 300 kVA | C18: UN | E18: 15587.22 | F18: 15587.22 | G18: 15
A19: 01.06.032 | B19: Elaboração de projeto de adequação de entrada de energia elétrica junto a concessionária, com medição em média tensão e demanda de 75 kVA a 300 kVA | C19: UN | E19: 21092.24 | F19: 21092.24 | G19: 15
A20: 01.06.041 | B20: Elaboração de projeto de adequação de entrada de energia elétrica junto a concessionária, com medição em média tensão e demanda acima de 300 kVA a 2 MVA | C20: UN | E20: 28055 | F20: 28055 | G20: 15
A21: 01.17 | B21: Projeto executivo
A22: 01.17.031 | B22: Projeto executivo de arquitetura em formato A1 | C22: UN | E22: 3624.6 | F22: 3624.6 | G22: 15
A23: 01.17.041 | B23: Projeto executivo de arquitetura em formato A0 | C23: UN | E23: 4900.14 | F23: 4900.14 | G23: 15
A24: 01.17.051 | B24: Projeto executivo de estrutura em formato A1 | C24: UN | E24: 2658.26 | F24: 2658.26 | G24: 15
A25: 01.17.061 | B25: Projeto executivo de estrutura em formato A0 | C25: UN | E25: 3637.02 | F25: 3637.02 | G25: 15
A26: 01.17.071 | B26: Projeto executivo de instalações hidráulicas em formato A1 | C26: UN | E26: 1141.18 | F26: 1141.18 | G26: 15
A27: 01.17.081 | B27: Projeto executivo de instalações hidráulicas em formato A0 | C27: UN | E27: 1519.09 | F27: 1519.09 | G27: 15
A28: 01.17.111 | B28: Projeto executivo de instalações elétricas em formato A1 | C28: UN | E28: 1267.26 | F28: 1267.26 | G28: 15
A29: 01.17.121 | B29: Projeto executivo de instalações elétricas em formato A0 | C29: UN | E29: 1757.15 | F29: 1757.15 | G29: 15
A30: 01.17.151 | B30: Projeto executivo de climatização em formato A1 | C30: UN | E30: 2439.23 | F30: 2439.23 | G30: 15
A31: 01.17.161 | B31: Projeto executivo de climatização em formato A0 | C31: UN | E31: 3324.97 | F31: 3324.97 | G31: 15
A32: 01.17.171 | B32: Projeto executivo de chuveiros automáticos em formato A1 | C32: UN | E32: 2105.98 | F32: 2105.98 | G32: 15
A33: 01.17.181 | B33: Projeto executivo de chuveiros automáticos em formato A0 | C33: UN | E33: 2722.06 | F33: 2722.06 | G33: 15
A34: 01.20 | B34: Levantamento topográfico e geofísico
A35: 01.20.010 | B35: Taxa de mobilização e desmobilização de equipamentos para execução de levantamento topográfico | C35: TX | D35: 1150.83 | F35: 1150.83 | G35: 15
A36: 01.20.280 | B36: Levantamento planimétrico de área pavimentada para veículo e pedestre | C36: M2 | D36: 0.07 | E36: 0.18 | F36: 0.25 | G36: 15
A37: 01.20.691 | B37: Levantamento planimétrico cadastral com áreas ocupadas predominantemente por comunidades - área até 20.000 m² (mínimo de 3.500 m²) | C37: M2 | D37: 0.41 | E37: 0.59 | F37: 1 | G37: 15
A38: 01.20.701 | B38: Levantamento planimétrico cadastral com áreas ocupadas predominantemente por comunidades - área acima de 20.000 m² até 200.000 m² | C38: M2 | D38: 0.32 | E38: 0.46 | F38: 0.78 | G38: 15
A39: 01.20.711 | B39: Levantamento planimétrico cadastral com áreas ocupadas predominantemente por comunidades - área acima de 200.000 m² | C39: M2 | D39: 0.27 | E39: 0.37 | F39: 0.64 | G39: 15
A40: 01.20.721 | B40: Levantamento planimétrico cadastral com áreas até 50% de ocupação - área até 20.000 m² (mínimo de 3.500 m²) | C40: M2 | D40: 0.37 | E40: 0.51 | F40: 0.88 | G40: 15
A41: 01.20.731 | B41: Levantamento planimétrico cadastral com áreas até 50% de ocupação - área acima de 20.000 m² até 200.000 m² | C41: M2 | D41: 0.17 | E41: 0.57 | F41: 0.74 | G41: 15
A42: 01.20.741 | B42: Levantamento planimétrico cadastral com áreas até 50% de ocupação - área acima de 200.000 m² | C42: M2 | D42: 0.23 | E42: 0.32 | F42: 0.55 | G42: 15
A43: 01.20.751 | B43: Levantamento planimétrico cadastral com áreas acima de 50% de ocupação - área até 20.000 m² (mínimo de 4.000 m²) | C43: M2 | D43: 0.32 | E43: 0.46 | F43: 0.78 | G43: 15
A44: 01.20.761 | B44: Levantamento planimétrico cadastral com áreas acima de 50% de ocupação - área acima de 20.000 m² até 200.000 m² | C44: M2 | D44: 0.28 | E44: 0.4 | F44: 0.68 | G44: 15
A45: 01.20.771 | B45: Levantamento planimétrico cadastral com áreas acima de 50% de ocupação - área acima de 200.000 m² | C45: M2 | D45: 0.27 | E45: 0.38 | F45: 0.65 | G45: 15
A46: 01.20.781 | B46: Levantamento planialtimétrico cadastral com áreas ocupadas predominantemente por comunidades - área até 20.000 m² (mínimo de 3.500 m²) | C46: M2 | D46: 0.45 | E46: 0.63 | F46: 1.08 | G46: 15
A47: 01.20.791 | B47: Levantamento planialtimétrico cadastral com áreas ocupadas predominantemente por comunidades - área acima de 20.000 m² até 200.000 m² | C47: M2 | D47: 0.36 | E47: 0.5 | F47: 0.86 | G47: 15
... A60: 01.20.921 | B60: Implantação de marcos através de levantamento com GPS (mínimo de 3 marcos) | C60: UN | D60: 711.95 | E60: 514.39 | F60: 1226.34 | G60: 15
A61: 01.21 | B61: Estudo geotecnico (sondagem)
A62: 01.21.010 | B62: Taxa de mobilização e desmobilização de equipamentos para execução de sondagem | C62: TX | D62: 1342.33 | F62: 1342.33 | G62: 15
A63: 01.21.090 | B63: Taxa de mobilização e desmobilização de equipamentos para execução de sondagem rotativa | C63: TX | D63: 6995.32 | F63: 6995.32 | G63: 15
A64: 01.21.100 | B64: Sondagem do terreno a trado | C64: M | D64: 104.58 | F64: 104.58 | G64: 15
A65: 01.21.110 | B65: Sondagem do terreno à percussão (mínimo de 30 m) | C65: M | D65: 91.32 | F65: 91.32 | G65: 15
A66: 01.21.120 | B66: Sondagem do terreno rotativa em solo | C66: M | D66: 412.79 | F66: 412.79 | G66: 15
A67: 01.21.130 | B67: Sondagem do terreno rotativa em rocha | C67: M | D67: 653.01 | F67: 653.01 | G67: 15
A68: 01.21.140 | B68: Sondagem do terreno à percussão com a utilização de torquímetro (mínimo de 30 m) | C68: M | D68: 101.61 | F68: 101.61 | G68: 15
A69: 01.23 | B69: Tratamento, recuperação e trabalhos especiais em concreto
A70: 01.23.010 | B70: Taxa de mobilização e desmobilização de equipamentos para execução de corte em concreto armado | C70: TX | D70: 421.15 | F70: 421.15 | G70: 15
A71: 01.23.020 | B71: Limpeza de armadura com escova de aço | C71: M2 | D71: 3.09 | E71: 6.81 | F71: 9.9 | G71: 15
A72: 01.23.030 | B72: Preparo de ponte de aderência com adesivo a base de epóxi | C72: M2 | D72: 100.85 | E72: 50.35 | F72: 151.2 | G72: 15
A73: 01.23.056 | B73: Tratamento de armadura com produto anticorrosivo a base de zinco | C73: M2 | D73: 22.13 | E73: 48.01 | F73: 70.14 | G73: 15
A74: 01.23.060 | B74: Corte de concreto deteriorado inclusive remoção dos detritos | C74: M2 | E74: 34.07 | F74: 34.07 | G74: 15
A75: 01.23.070 | B75: Demarcação de área com disco de corte diamantado | C75: M | D75: 1.07 | E75: 5.03 | F75: 6.1 | G75: 15
A76: 01.23.100 | B76: Demolição de concreto armado com preservação de armadura, para reforço e recuperação estrutural | C76: M3 | E76: 514.15 | F76: 514.15 | G76: 15
A77: 01.23.140 | B77: Furação de 1 1/4´ em concreto armado | C77: M | D77: 270.07 | F77: 270.07 | G77: 15
A78: 01.23.150 | B78: Furação de 1 1/2´ em concreto armado | C78: M | D78: 272.4 | F78: 272.4 | G78: 15
A79: 01.23.160 | B79: Furação de 2 1/4´ em concreto armado | C79: M | D79: 377.36 | F79: 377.36 | G79: 15
A80: 01.23.190 | B80: Furação de 2 1/2´ em concreto armado | C80: M | D80: 387.85 | F80: 387.85 | G80: 15
A81: 01.23.200 | B81: Taxa de mobilização e desmobilização de equipamentos para execução de perfuração em concreto | C81: TX | D81: 227.04 | F81: 227.04 | G81: 15
A82: 01.23.221 | B82: Furação para até 10mm x 100mm em concreto armado, inclusive colagem de armadura (para até 8mm) | C82: UN | D82: 13.6 | F82: 13.6 | G82: 15
A83: 01.23.222 | B83: Furação para 12,5mm x 100mm em concreto armado, inclusive colagem de armadura (para 10mm) | C83: UN | D83: 15.81 | F83: 15.81 | G83: 15
A84: 01.23.223 | B84: Furação para 16mm x 100mm em concreto armado, inclusive colagem de armadura (para 12,5mm) | C84: UN | D84: 16.31 | F84: 16.31 | G84: 15
A85: 01.23.231 | B85: Furação para até 10mm x 150mm em concreto armado, inclusive colagem de armadura (para até 8mm) | C85: UN | D85: 21.13 | F85: 21.13 | G85: 15
A86: 01.23.232 | B86: Furação para 12,5mm x 150mm em concreto armado, inclusive colagem de armadura (para 10mm) | C86: UN | D86: 21.92 | F86: 21.92 | G86: 15
A87: 01.23.233 | B87: Furação para 16mm x 150mm em concreto armado, inclusive colagem de armadura (para 12,5mm) | C87: UN | D87: 25.63 | F87: 25.63 | G87: 15
A88: 01.23.234 | B88: Furação para 20mm x 150mm em concreto armado, inclusive colagem de armadura (para 16mm) | C88: UN | D88: 27.79 | F88: 27.79 | G88: 15
... A99: 01.23.510 | B99: Corte vertical em concreto armado, espessura de 15 cm | C99: M | D99: 226.39 | F99: 226.39 | G99: 15
A100: 01.23.700 | B100: Taxa de mobilização e desmobilização para reforço estrutural com fibra de carbono | C100: TX | D100: 1629.92 | E100: 4622.41 | F100: 6252.33 | G100: 15
A101: 01.23.701 | B101: Preparação de substrato para colagem de fibra de carbono, mediante lixamento e/ou apicoamento e escovação | C101: M2 | D101: 7.49 | E101: 49.21 | F101: 56.7 | G101: 15
A102: 01.23.702 | B102: Fibra de carbono para reforço estrutural de alta resistência - 300 g/m² | C102: M2 | D102: 163.19 | E102: 350.18 | F102: 513.37 | G102: 15
A103: 01.27 | B103: Estudo e programa ambientais
A104: 01.27.011 | B104: Projeto e implementação de gerenciamento integrado de resíduos sólidos e gestão de perdas | C104: UN | D104: 196.55 | E104: 10213.45 | F104: 10410 | G104: 15
A105: 01.27.021 | B105: Projeto e implementação de educação ambiental | C105: UN | D105: 196.55 | E105: 13680.99 | F105: 13877.54 | G105: 15
A106: 01.27.031 | B106: Projeto e implementação de controle ambiental de obra | C106: UN | D106: 196.55 | E106: 12105.6 | F106: 12302.15 | G106: 15
A107: 01.27.041 | B107: Laudo de caracterização de vegetação | C107: UN | D107: 569.3 | E107: 28190.53 | F107: 28759.83 | G107: 15
A108: 01.27.051 | B108: Laudo de caracterização da fauna associada à flora | C108: UN | D108: 569.3 | E108: 43257.71 | F108: 43827.01 | G108: 15
A109: 01.27.061 | B109: Projeto e implementação de monitoramento da fauna durante a obra | C109: UN | D109: 569.3 | E109: 17148.56 | F109: 17717.86 | G109: 15
A110: 01.27.071 | B110: Laudo de autodepuração | C110: UN | D110: 462.8 | E110: 20582.26 | F110: 21045.06 | G110: 15
A111: 01.27.091 | B111: Estudo de impacto de vizinhança, em área urbana até 10.000 m² | C111: UN | D111: 281.75 | E111: 33337.13 | F111: 33618.88 | G111: 15
A112: 01.28 | B112: Poço profundo
A113: 01.28.010 | B113: Taxa de mobilização e desmobilização de equipamentos para execução de perfuração para poço profundo - profundidade até 200 m | C113: TX | D113: 8405.03 | F113: 8405.03 | G113: 15
A114: 01.28.020 | B114: Taxa de mobilização e desmobilização de equipamentos para execução de perfuração para poço profundo - profundidade acima de 200 m e até 300 m | C114: TX | D114: 13648.77 | F114: 13648.77 | G114: 15
A115: 01.28.030 | B115: Taxa de mobilização e desmobilização de equipamentos para execução de perfuração para poço profundo - profundidade acima de 300 m | C115: TX | D115: 13560.03 | F115: 13560.03 | G115: 15
A116: 01.28.040 | B116: Perfuração rotativa para poço profundo em camadas de solos sedimentares, diâmetro de 8 1/2" (215,90 mm) | C116: M | D116: 732.99 | F116: 732.99 | G116: 15
A117: 01.28.050 | B117: Perfuração rotativa para poço profundo em aluvião, arenito, ou solos sedimentados em geral, diâmetro de 10" (250 mm) | C117: M | D117: 517.99 | F117: 517.99 | G117: 15
A118: 01.28.060 | B118: Perfuração rotativa para poço profundo em aluvião, arenito, ou solos sedimentados em geral, diâmetro de 12" (300 mm) | C118: M | D118: 1288.52 | F118: 1288.52 | G118: 15
A119: 01.28.070 | B119: Perfuração rotativa para poço profundo em aluvião, arenito, ou solos sedimentados em geral, diâmetro de 14" (350 mm) | C119: M | D119: 1394.38 | F119: 1394.38 | G119: 15
A120: 01.28.080 | B120: Perfuração rotativa para poço profundo em aluvião, arenito, ou solos sedimentados em geral, diâmetro de 16" (400 mm) | C120: M | D120: 1733.69 | F120: 1733.69 | G120: 15
A121: 01.28.090 | B121: Perfuração rotativa para poço profundo em aluvião, arenito, ou solos sedimentados em geral, diâmetro de 18" (450 mm) | C121: M | D121: 2219.14 | F121: 2219.14 | G121: 15
A122: 01.28.100 | B122: Perfuração rotativa para poço profundo em aluvião, arenito, ou solos sedimentados em geral, diâmetro de 20" (500 mm) | C122: M | D122: 2510.5 | F122: 2510.5 | G122: 15
...

Sheet COMP. 1
B1: MUNICÍPIO DE SANTA BRANCA - Secretaria Municipal de Serviços, Obras e Transportes
B2: RUA PRUDENTE DE MORAES, 93, CENTRO, CEP 12380-000 - SANTA BRANCA - SP
B4: OBJETO: | C4: CONSTRUÇÃO DE TRAVESSIAS NO MUNICÍPIO DE SANTA BRANCA-SP.
B5: OBRA: | C5: PROJETO DE INFRAESTRUTURA URBANA DA TRAVESSIA DO CAETÊ
B6: COORDENADAS: | C6: LAT: -23,376161º ; LONG: -45,888189º
B7: LOCAL: | C7: Rodovia SAB 428, Caetê, SANTA BRANCA - SP
B8: ART: | C8: 2620240701750 (FISCALIZAÇÃO E ORÇAMENTO)
B9: REFERÊNCIA: | C9: BOLETIM CDHU 193 NÃO DESONERADA / TPU DER-SP 12-2023
B11: COMPOSIÇÃO DE PREÇO
B14: TABELA DE VALORES DO INSUMO ADUELA DE CONCRETO ARMADO PRÉ-MOLDADO
B15: Empresa | C15: Elemento | D15: Valor
B16: Formix | C16: Aduela de concreto armado pré-moldada, secção 3,00 x 3,00 x 1,00 m, mísulas 20x20 cm | D16: 7392
B17: Jesus de Mari Artefatos de Cimento LTDA | C17: Aduela de concreto armado pré-moldada, secção 3,00 x 3,00 x 1,00 m, mísulas 20x20 cm | D17: =315702/18 -> 17539
B18: FK Comércio | C18: Aduela de concreto armado pré-moldada, secção 3,00 x 3,00 x 1,00 m, mísulas 20x20 cm | D18: 8680
B19: MÉDIA | D19: =ROUND(AVERAGE(D16:E18),2) -> 11203.67
L21: =AVERAGE(D16:D18) -> 11203.667
H23: Santa Branca, 10 de fevereiro de 2025.
B28: Arthur Ribeiro Alvares Pimenta
B29: Secretário Municipal de Serviços, Obras e Transportes
B30: Engenheiro Civil - CREA/SP: 5069103559
B38: B.01.000.020115 | C38: Engenheiro junior de civil | D38: h | E38: 0.1 | F38: 52.63 | G38: =ROUND(2.2823*F38,2) -> 120.12 | H38: =ROUND(E38*G38,2) -> 12.01
B39: B.01.000.020118 | C39: Engenheiro senior de civil | D39: h | E39: 0.06 | F39: 88.24 | G39: =ROUND(2.2823*F39,2) -> 201.39 | H39: =ROUND(E39*G39,2) -> 12.08
B46: COMPOSIÇÃO ORIGINAL
B47: Código | C47: Descrição | D47: Unidade | E47: Quant. | F47: Valor Unit. | G47: Encargos | H47: Total
B48: 15.05.520 | C48: Placas, vigas e pilares em concreto armado pré-moldado - fck= 35 MPa | D48: m³ | E48: 1 | G48: 1.2823 | H48: =SUM(H49:H84) -> 3108.47
B49: B.01.000.010111 | C49: Carpinteiro | D49: h | E49: 1.74 | F49: 10.86 | G49: =ROUND(2.2823*F49,2) -> 24.79 | H49: =ROUND(E49*G49,2) -> 43.13
B50: B.01.000.010121 | C50: Ferreiro/armador | D50: h | E50: 7.944 | F50: 10.86 | G50: =ROUND(2.2823*F50,2) -> 24.79 | H50: =ROUND(E50*G50,2) -> 196.93
B51: B.01.000.010122 | C51: Ajudante de ferreiro | D51: h | E51: 6.358 | F51: 8.92 | G51: =ROUND(2.2823*F51,2) -> 20.36 | H51: =ROUND(E51*G51,2) -> 129.45
B52: B.01.000.010139 | C52: Pedreiro | D52: h | E52: 6.76 | F52: 10.86 | G52: =ROUND(2.2823*F52,2) -> 24.79 | H52: =ROUND(E52*G52,2) -> 167.58
B53: B.01.000.010146 | C53: Servente | D53: h | E53: 8.59 | F53: 8.92 | G53: =ROUND(2.2823*F53,2) -> 20.36 | H53: =ROUND(E53*G53,2) -> 174.89
B54: B.01.000.020112 | C54: Coordenador de projetos | D54: h | E54: 0.03 | F54: 149.68 | G54: =ROUND(2.2823*F54,2) -> 341.61 | H54: =ROUND(E54*G54,2) -> 10.25
B55: B.01.000.020115 | C55: Engenheiro junior de civil | D55: h | E55: 0.1 | F55: 52.63 | G55: =ROUND(2.2823*F55,2) -> 120.12 | H55: =ROUND(E55*G55,2) -> 12.01
B56: B.01.000.020118 | C56: Engenheiro senior de civil | D56: h | E56: 0.06 | F56: 88.24 | G56: =ROUND(2.2823*F56,2) -> 201.39 | H56: =ROUND(E56*G56,2) -> 12.08
B57: B.01.000.020121 | C57: Projetista pleno - nível técnico | D57: h | E57: 0.4 | F57: 48.69 | G57: =ROUND(2.2823*F57,2) -> 111.13 | H57: =ROUND(E57*G57,2) -> 44.45
B58: B.01.000.020122 | C58: Desenhista pleno/cadista | D58: h | E58: 0.7 | F58: 22.55 | G58: =ROUND(2.2823*F58,2) -> 51.47 | H58: =ROUND(E58*G58,2) -> 36.03
B59: B.02.000.020508 | C59: Cimento CPII-E-32 (sacos de 50 kg) | D59: kg | E59: 12.13 | F59: 0.6 | G59: =F59 -> 0.6 | H59: =ROUND(E59*G59,2) -> 7.28
B60: B.04.000.020503 | C60: Areia média lavada (a granel caçamba fechada) | D60: m³ | E60: 0.0324 | F60: 157.47 | G60: =F60 -> 157.47 | H60: =ROUND(E60*G60,2) -> 5.1
B61: B.05.000.020518 | C61: Pedra britada nº médios 1.2.3 e 4 (a granel) | D61: m³ | E61: 0.052 | F61: 137.77 | G61: =F61 -> 137.77 | H61: =ROUND(E61*G61,2) -> 7.16
B62: B.05.000.020522 | C62: Pedrisco | D62: m³ | E62: 0.01 | F62: 151.05 | G62: =F62 -> 151.05 | H62: =ROUND(E62*G62,2) -> 1.51
B63: B.06.000.021525 | C63: Aço CA-50-A $MD bitolas | D63: kg | E63: 52 | F63: 6.76 | G63: =F63 -> 6.76 | H63: =ROUND(E63*G63,2) -> 351.52
B64: B.06.000.021538 | C64: Aço CA-60-B $MD bitolas | D64: kg | E64: 5.5 | F64: 6.99 | G64: =F64 -> 6.99 | H64: =ROUND(E64*G64,2) -> 38.45
B65: B.06.000.021560 | C65: Tela soldada, diversas bitolas | D65: kg | E65: 61.4 | F65: 8.41 | G65: =F65 -> 8.41 | H65: =ROUND(E65*G65,2) -> 516.37
B66: C.04.000.020530 | C66: Concreto usinado fck= 15 MPa, slump 5 ± 1cm | D66: m³ | E66: 0.0833 | F66: 411.71 | G66: =F66 -> 411.71 | H66: =ROUND(E66*G66,2) -> 34.3
B67: C.04.000.020556 | C67: Concreto usinado bombeado fck= 35 MPa, slump 8 ± 1cm | D67: m³ | E67: 1.03 | F67: 564.04 | G67: =F67 -> 564.04 | H67: =ROUND(E67*G67,2) -> 580.96
B68: D.02.000.021009 | C68: Pontalete de cedrinho de 75 mm x 75 mm - 3ª construção | D68: m | E68: 2.16 | F68: 23.6 | G68: =F68 -> 23.6 | H68: =ROUND(E68*G68,2) -> 50.98
B69: D.02.000.021017 | C69: Sarrafo de cedrinho 2,5 x 10 cm | D69: m | E69: 2.35 | F69: 7.28 | G69: =F69 -> 7.28 | H69: =ROUND(E69*G69,2) -> 17.11
B70: D.02.000.021021 | C70: Tábua cedrinho 25 mm x 300 mm de 3ª | D70: m² | E70: 0.52 | F70: 105.18 | G70: =F70 -> 105.18 | H70: =ROUND(E70*G70,2) -> 54.69
... B84: S.03.000.080328 | C84: Guindaste hidráulico autopropelido, com lança telescópica, para espaços limitados, tração 4x4, capacidade acima de 30 ton, potência 97 KW | D84: h | E84: 0.4 | F84: 214.06 | G84: =F84 -> 214.06 | H84: =ROUND(E84*G84,2) -> 85.62

Sheet BDI-ONER.
B2: DEMONSTRATIVO DE COMPOSIÇÃO DO BDI (acórdào 2622/2013-TCU-Plenário) | O2: =1100 -> 1100 | P2: 5.5 | Q2: =O2/P2 -> 200
B4: Prefeitura do Município de Santa Branca
B5: Processo nº | L5: Verificar!
B6: Convênio nº
B7: Data da Elaboração: 07/04/2026
B8: Objeto: Construção de uma travessia (ponte) de concreto armado sobre o Córrego do Caetê, na SAB 428, Bairro Eldorado, no Município de Santa Branca.
B10: Cálculo do BDI - SEM DESONERAÇÃO Fórmula e parâmetros estabelecidos pelo Acórdão 2622/2013-TCU-Plenário
B12: Item | C12: 1º quartil | D12: 3º quartil | E12: Médio | F12: Identificação
B13: AC | C13: 3.8 | D13: 4.67 | E13: 4.67 | F13: Administração Central
B14: S e G | C14: 0.32 | D14: 0.74 | E14: 0.74 | F14: Seguro e Garantia
B15: R | C15: 0.5 | D15: 0.97 | E15: 0.97 | F15: Risco
B16: DF | C16: 1.02 | D16: 1.21 | E16: 1.21 | F16: Despesas Financeiras
B17: L | C17: 6.64 | D17: 8.69 | E17: 7.79 | F17: Lucro
B18: I * | C18: conforme legislação | E18: =C33 -> 5.65 | F18: Tributos *
D20: TOTAL | E20: =IF(OR(C32="",E13="",E14="",E15="",E16="",E17=""),0,ROUND((((1+E13/100+E14/100+E15/100)*(1+E16/100)*(1+E17/100)/(1-(C33/100)))-1)*100,2)) -> 23 | F20: BDI A SER ADOTADO (sem desoneração)
B22: Verificação: | C22: =IF(OR(C32="",E13="",E14="",E15="",E16="",E17=""),0,IF(OR(ROUND((((1+E13/100+E14/100+E15/100)*(1+E16/100)*(1+E17/100)/(1-((C33-C31)/100)))-1)*100,2)>24.23,ROUND((((1+E13/100+E14/100+E15/100)*(1+E16/100)*(1+E17/100)/(1-((C33-C31)/100)))-1)*100,2)<19.6),"FORA DO LIMITE !",ROUND((((1+E13/100+E14/100+E15/100)*(1+E16/100)*(1+E17/100)/(1-((C33-C31)/100)))-1)*100,2))) -> 23 | D22: ← limite 19,60% a 24,23% (sem desoneração)
C23: =IF(C22="FORA DO LIMITE !",ROUND((((1+E13/100+E14/100+E15/100)*(1+E16/100)*(1+E17/100)/(1-((C33-C31)/100)))-1)*100,2)/100,"")
B24: * Em geral, os tributos ( I ) aplicáveis são PIS (0,65%), COFINS (3%) e ISS (variável, conforme
B25: Município, de 2 a 5% e, em alguns casos, isento).
B26: ** Caso a empresa seja tributada de forma diferente, alterar os valores abaixo:
B28: TRIBUTOS | C28: %
B29: PIS** | C29: 0.65
B30: COFINS** | C30: 3
B31: Cont. Previd. | D31: (Contribuição Previdenciária sobre a receita bruta, no caso de desoneração na folha)
B32: ISS | C32: =IF(OR(H36="",J35=""),"",IF(ROUND(J35*H36*100,2)>5,"ERRO",(ROUND(J35*H36*100,2)))) -> 2
B33: Total | C33: =IF(C32="","",SUM(C29:C32)) -> 5.65
B35: Declaramos que, conforme legislação tributária municipal, a base de cálculo do ISS é de | J35: 1
B36: sobre o valor da obra e a aliquota do ISS aplicável no Município é de | H36: 0.02 | I36: ← (limitado a 5,00%)
B38: FÓRMULA
B40: BDI calculado pela expressão: BDI = { [ (1+AC/100+S/100+R/100+G/100) x (1+DF/100) x (1+L/100) / (1-I/100)] -1} x 100
B44: Declaramos sob pena da Lei que a alternativa adotada pela Prefeitura do Município de Santa Branca é Sem Desoneração e que é a mais vantajosa para a Administração Pública.
J46: Santa Branca, 07 de abril de 2026.
B51: Arthur Ribeiro Alvares Pimenta
B52: Responsável Técnico
B53: CREA/SP: 5069103559

Sheet Caetê
C1: MUNICÍPIO DE SANTA BRANCA - Secretaria Municipal de Serviços, Obras e Transportes
C4: RUA PRUDENTE DE MORAES, 93, CENTRO, CEP 12380-000 - SANTA BRANCA - SP
A6: OBJETO: | C6: CONSTRUÇÃO DE TRAVESSIA NA RODOVIA SAB 428, BAIRRO CAETÊ, SANTA BRANCA-SP.
A7: OBRA: | C7: EXECUÇÃO DE CONSTRUÇÃO DE TRAVESSIA SOBRE RIBEIRÃO
A8: COORDENADAS: | C8: LAT: 415365,27 m E ; LONG: 7414450,04 m S
A9: LOCAL: | C9: RODOVIA SAB 428, BAIRRO CAETÊ, SANTA BRANCA - SP
A10: ART: | C10: (FISCALIZAÇÃO E ORÇAMENTO)
A11: REFERÊNCIA: | C11: Tabela de Preços Unitários TPU DER-SP 10-2025
A12: BDI: | C12: 0.23
A13: REFERÊNCIA: | C13: BOLETIM CDHU 200 NÃO DESONERADA (JAN/2026)
A14: BDI: | C14: 0.23
A15: PLANILHA ORÇAMENTÁRIA - TRAVESSIA SAB 428 - "PONTE DO CAETÊ"
A16: ITEM | B16: CÓDIGO | C16: FONTE | D16: DESCRIÇÃO | E16: UNID. | F16: QUANT. | G16: VALOR UNIT. | H16: VALOR COM BDI | I16: EXECUTADO | J16: TOTAL
A17: 1.0 | B17: SERVIÇOS PRELIMINARES
A18: 1.1 | B18: 28.08.01.01 | C18: TPU_DER-SP | D18: Confecção. Montagem e instalação de placa institucional | E18: m² | F18: 24 | G18: 389.57 | H18: =G18 -> 389.57 | J18: =IF($C18="","",ROUND(F18*H18,2)) -> 9349.68
A19: 1.2 | B19: 02.01.180 | C19: CDHU | D19: =IF($C19="","",VLOOKUP($B19,'200 ONERADO'!$A$3:$G$4201,2,0)) -> Banheiro químico modelo Standard, com manutenção conforme exigências da CETESB | E19: =IF($C19="","",VLOOKUP($B19,'200 ONERADO'!$A$3:$G$4201,3,0)) -> un.mês | F19: 3 | G19: =IF($C19="","",VLOOKUP($B19,'200 ONERADO'!$A$3:$H$4201,6,0)) -> 1249.34 | H19: =ROUND(G19*(1+$C$14),2) -> 1536.69 | J19: =IF($C19="","",ROUND(F19*H19,2)) -> 4610.07
A20: 1.3 | B20: 02.02.150 | C20: CDHU | D20: =IF($C20="","",VLOOKUP($B20,'200 ONERADO'!$A$3:$G$4201,2,0)) -> Locação de container tipo depósito - área mínima de 13,80 m² | E20: =IF($C20="","",VLOOKUP($B20,'200 ONERADO'!$A$3:$G$4201,3,0)) -> un.mês | F20: 3 | G20: =IF($C20="","",VLOOKUP($B20,'200 ONERADO'!$A$3:$H$4201,6,0)) -> 981.38 | H20: =ROUND(G20*(1+$C$14),2) -> 1207.1 | J20: =IF($C20="","",ROUND(F20*H20,2)) -> 3621.3
A21: 1.4 | B21: 72.31.06.01 | C21: TPU_DER-SP | D21: Grupo gerador portátil 7 kVA Cond. A | E21: h | F21: =8*20 -> 160 | G21: 13.36 | H21: =G21 -> 13.36 | J21: =IF($C21="","",ROUND(F21*H21,2)) -> 2137.6
A22: 1.5 | B22: 02.10.020 | C22: CDHU | D22: =IF($C22="","",VLOOKUP($B22,'200 ONERADO'!$A$3:$G$4201,2,0)) -> Locação de obra de edificação | E22: =IF($C22="","",VLOOKUP($B22,'200 ONERADO'!$A$3:$G$4201,3,0)) -> m² | F22: =30*16 -> 480 | G22: =IF($C22="","",VLOOKUP($B22,'200 ONERADO'!$A$3:$H$4201,6,0)) -> 17.85 | H22: =ROUND(G22*(1+$C$14),2) -> 21.96 | J22: =IF($C22="","",ROUND(F22*H22,2)) -> 10540.8
I23: Subtotal 1.0 | J23: =SUBTOTAL(9,J18:J22) -> 30259.45 | K23: 30016.72
A24: 2.0 | B24: MOVIMENTAÇÃO DE SOLO
A25: 2.1 | B25: 22.02.01 | C25: TPU_DER-SP | D25: Escavação e carga de material de 1/2ª categoria | E25: m³ | F25: =Cálculos!M9 -> 764.64 | G25: 12.67 | H25: =G25 -> 12.67 | J25: =IF($C25="","",ROUND(F25*H25,2)) -> 9687.99 | N25: =F25*5 -> 3823.2
A26: 2.2 | B26: 22.03.03 | C26: TPU_DER-SP | D26: Transporte de 1ª e 2ª categoria até 5 km | E26: m³.km | F26: =F25*5 -> 3823.2 | G26: 4.27 | H26: =G26 -> 4.27 | J26: =IF($C26="","",ROUND(F26*H26,2)) -> 16325.06 | M26: 1292.8 | N26: =M26/F26 -> 0.33814606
I27: Subtotal 2.0 | J27: =SUBTOTAL(9,J25:J26) -> 26013.05 | K27: 25951.88
A28: 3.0 | B28: INFRAESTRUTURA | L28: =0.6*8*2 -> 9.6
A29: 3.1 | B29: 24.12.03 | C29: TPU_DER-SP | D29: Enchimento de vala com pedra marroada | E29: m³ | F29: =Cálculos!G18 -> 71.19 | G29: 199.39 | H29: =G29 -> 199.39 | J29: =IF($C29="","",ROUND(F29*H29,2)) -> 14194.57
A30: 3.2 | B30: 08.10.108 | C30: CDHU | D30: =IF($C30="","",VLOOKUP($B30,'200 ONERADO'!$A$3:$G$4201,2,0)) -> Gabião tipo caixa em tela metálica, altura de 0,5 m, com revestimento liga zinco/alumínio, malha hexagonal 8/10 cm, fio diâmetro 2,7 mm, independente do formato ou utilização | E30: =IF($C30="","",VLOOKUP($B30,'200 ONERADO'!$A$3:$G$4201,3,0)) -> M3 | F30: =Cálculos!H26+Cálculos!H39 -> 271.44 | G30: =IF($C30="","",VLOOKUP($B30,'200 ONERADO'!$A$3:$H$4201,6,0)) -> 945.3 | H30: =ROUND(G30*(1+$C$14),2) -> 1162.72 | J30: =IF($C30="","",ROUND(F30*H30,2)) -> 315608.72
A31: 3.3 | B31: 24.12.08 | C31: TPU_DER-SP | D31: Compactação manual C/ reaterro solo local | E31: m³ | F31: =Cálculos!M18 -> 587.64 | G31: 55.58 | H31: =G31 -> 55.58 | J31: =IF($C31="","",ROUND(F31*H31,2)) -> 32661.03 | L31: =2*2.9*8 -> 46.4 | M31: =2*0.2*8 -> 3.2 | N31: 44.8 | O31: =L31+M31+N31 -> 94.4
I32: Subtotal 3.0 | J32: =SUBTOTAL(9,J29:J31) -> 362464.32 | K32: 362448.95
A33: 4.0 | B33: ESTRUTURA
A34: 4.1 | B34: Insumo | C34: Mercado | D34: Aduela de concreto armado pré-fabricado 3,00 x 3,00 x 1,00 m. | E34: m | F34: =3*6 -> 18 | G34: 11669.67 | H34: =ROUND(G34*(1+$C$14),2) -> 14353.69 | J34: =IF($C34="","",ROUND(F34*H34,2)) -> 258366.42
A35: 4.2 | B35: 72.33.02.04 | C35: TPU_DER-SP | D35: Guindaste Hidráulico Lança Telescópica. S/PN 27,2 t, Cond. D | E35: h | F35: 24 | G35: 392.69 | H35: 417.8 | J35: =IF($C35="","",ROUND(F35*H35,2)) -> 10027.2 | L35: =2.24*2.5 -> 5.6 | M35: =L35*5 -> 28 | N35: =2.24*2.5 -> 5.6
A36: 4.3 | B36: 24.14.01.05 | C36: TPU_DER-SP | D36: Manta Geotextil não tecida, resistência longitudinal 14 kN/m | E36: m² | F36: =Cálculos!M28 -> 192 | G36: 11.07 | H36: =G36 -> 11.07 | J36: =IF($C36="","",ROUND(F36*H36,2)) -> 2125.44 | L36: =12.8*8 -> 102.4
I37: Subtotal 4.0 | J37: =SUBTOTAL(9,J34:J36) -> 270519.06 | K37: 270582.42
A38: 5.0 | B38: VIGAS TRAVAMENTO
A39: 5.1 | B39: 25.09.05 | C39: TPU_DER-SP | D39: Concreto fck = 25 MPa | E39: m³ | F39: =Cálculos!F54 -> 9.78 | G39: 871.52 | H39: =G39 -> 871.52 | J39: =ROUND(F39*H39,2) -> 8523.47
A40: 5.2 | B40: 26.05.01 | C40: TPU_DER-SP | D40: Forma plana para concreto armado comum | E40: m² | F40: =Cálculos!E54 -> 65.28 | G40: 176.8 | H40: =G40 -> 176.8 | J40: =ROUND(F40*H40,2) -> 11541.5
A41: 5.3 | B41: 26.06.02 | C41: TPU_DER-SP | D41: Barra de aço CA-50 | E41: kg | F41: =Cálculos!H54 -> 782.4 | G41: 16.74 | H41: =G41 -> 16.74 | J41: =ROUND(F41*H41,2) -> 13097.38
I42: Subtotal 5.0 | J42: =SUBTOTAL(9,J39:J41) -> 33162.35 | K42: 32508.52
A43: 6.0 | B43: RECOMPOSIÇÃO DA VIA
A44: 6.1 | B44: 24.01.01 | C44: TPU_DER-SP | D44: Aterro de acesso | E44: m³ | F44: =Cálculos!S16 -> 36.86 | G44: 21.12 | H44: =G44 -> 21.12 | J44: =IF($C44="","",ROUND(F44*H44,2)) -> 778.48
A45: 6.2 | B45: 23.04.03.01 | C45: TPU_DER-SP | D45: Sub-base ou base de brita graduada simples | E45: m³ | F45: =Cálculos!U8 -> 41.8 | G45: 396.35 | H45: =G45 -> 396.35 | J45: =IF($C45="","",ROUND(F45*H45,2)) -> 16567.43
I46: Subtotal 6.0 | J46: =SUBTOTAL(9,J44:J45) -> 17345.91 | K46: 16818.68
A47: 7.0 | B47: GUARDA-CORPO
A48: 7.1 | B48: 24.03.040 | C48: CDHU | D48: =IF($C48="","",VLOOKUP($B48,'200 ONERADO'!$A$3:$G$4201,2,0)) -> Guarda-corpo tubular com tela em aço galvanizado, diâmetro de 1 1/2´ | E48: =IF($C48="","",VLOOKUP($B48,'200 ONERADO'!$A$3:$G$4201,3,0)) -> m | F48: =2*10.4 -> 20.8 | G48: =IF($C48="","",VLOOKUP($B48,'200 ONERADO'!$A$3:$H$4201,6,0)) -> 852.01 | H48: =ROUND(G48*(1+$C$14),2) -> 1047.97 | J48: =IF($C48="","",ROUND(F48*H48,2)) -> 21797.78
I49: Subtotal 7.0 | J49: =SUBTOTAL(9,J48:J48) -> 21797.78 | K49: 23779.81 | M49: =651.68-646.49 -> 5.19
A50: 8.0 | B50: SERVIÇOS COMPLEMENTARTES
A51: 8.1 | B51: 12.01.021 | C51: CDHU | D51: =IF($C51="","",VLOOKUP($B51,'200 ONERADO'!$A$3:$G$4201,2,0)) -> Broca em concreto armado diâmetro de 20 cm - completa | E51: =IF($C51="","",VLOOKUP($B51,'200 ONERADO'!$A$3:$G$4201,3,0)) -> m | F51: =4*0.5 -> 2 | G51: =IF($C51="","",VLOOKUP($B51,'200 ONERADO'!$A$3:$H$4201,6,0)) -> 71.88 | H51: =ROUND(G51*(1+$C$14),2) -> 88.41 | J51: =IF($C51="","",ROUND(F51*H51,2)) -> 176.82
A52: 8.2 | B52: 70.03.001 | C52: CDHU | D52: =IF($C52="","",VLOOKUP($B52,'200 ONERADO'!$A$3:$G$4201,2,0)) -> Placa para sinalização viária em chapa de aço, totalmente refletiva com película IA/IA - área até 2,0 m² | E52: =IF($C52="","",VLOOKUP($B52,'200 ONERADO'!$A$3:$G$4201,3,0)) -> M2 | F52: 0.9 | G52: =IF($C52="","",VLOOKUP($B52,'200 ONERADO'!$A$3:$H$4201,6,0)) -> 1648.95 | H52: =ROUND(G52*(1+$C$14),2) -> 2028.21 | J52: =IF($C52="","",ROUND(F52*H52,2)) -> 1825.39 | M52: =12*1.5 -> 18
A53: 8.3 | B53: 97.05.140 | C53: CDHU | D53: =IF($C53="","",VLOOKUP($B53,'200 ONERADO'!$A$3:$G$4201,2,0)) -> Suporte de perfil metálico galvanizado | E53: =IF($C53="","",VLOOKUP($B53,'200 ONERADO'!$A$3:$G$4201,3,0)) -> KG | F53: 52.9 | G53: =IF($C53="","",VLOOKUP($B53,'200 ONERADO'!$A$3:$H$4201,6,0)) -> 30.83 | H53: =ROUND(G53*(1+$C$14),2) -> 37.92 | J53: =IF($C53="","",ROUND(F53*H53,2)) -> 2005.97
A54: 8.4 | B54: 34.02.020 | C54: CDHU | D54: =IF($C54="","",VLOOKUP($B54,'200 ONERADO'!$A$3:$G$4201,2,0)) -> Plantio de grama batatais em placas (praças e áreas abertas) | E54: =IF($C54="","",VLOOKUP($B54,'200 ONERADO'!$A$3:$G$4201,3,0)) -> m² | F54: 100 | G54: =IF($C54="","",VLOOKUP($B54,'200 ONERADO'!$A$3:$H$4201,6,0)) -> 14.25 | H54: =ROUND(G54*(1+$C$14),2) -> 17.53 | J54: =IF($C54="","",ROUND(F54*H54,2)) -> 1753
A55: 8.5 | B55: 55.01.020 | C55: CDHU | D55: =IF($C55="","",VLOOKUP($B55,'200 ONERADO'!$A$3:$G$4201,2,0)) -> Limpeza final da obra | E55: =IF($C55="","",VLOOKUP($B55,'200 ONERADO'!$A$3:$G$4201,3,0)) -> m² | F55: 100 | G55: =IF($C55="","",VLOOKUP($B55,'200 ONERADO'!$A$3:$H$4201,6,0)) -> 15.9 | H55: =ROUND(G55*(1+$C$14),2) -> 19.56 | J55: =IF($C55="","",ROUND(F55*H55,2)) -> 1956
I56: Subtotal 8.0 | J56: =SUBTOTAL(9,J51:J55) -> 7717.18 | K56: 7738.03
A57: TOTAL GERAL | J57: =SUBTOTAL(9,J17:J55) -> 769279.1 | L57: =2.5*2.54 -> 6.35
K58: =SUM(K23:K57) -> 769845.01
A59: MEDIÇÃO ATUAL | J59: 0
J63: Santa Branca, 07 de abril de 2026.
A67: Arthur Ribeiro Alvares Pimenta
A68: Secretário Municipal de Serviços, Obras e Transportes
A69: Engenheiro Civil - CREA/SP: 5069103559
J74: =SUM(#REF!) -> #REF!
A77: 2.4 | B77: 104494 | C77: SINAPI | D77: Galeria fechada pré-moldada de concreto armado, secção quadrangular interna de 2,50 x 2,50 m (L x A), mísula de 20 x 20 cm, C = 1,00 m, espessura mínima de 15 cm, TB-45 e fck = 30 MPa - Fornecimeno e assentamento. AF 01/2023 | E77: m | F77: =2*8 -> 16 | G77: 7099.14 | H77: =ROUND(G77*(1+0.23),2) -> 8731.94 | J77: =IF($C77="","",ROUND(F77*H77,2)) -> 139711.04
M78: =J57*0.97 -> 746200.73
A81: 2.5 | B81: 15.05.520 | C81: CDHU | D81: =IF($C81="","",VLOOKUP($B81,'200 ONERADO'!$A$3:$G$4201,2,0)) -> Placas, vigas e pilares em concreto armado pré-moldado - fck= 35 MPa | E81: =IF($C81="","",VLOOKUP($B81,'200 ONERADO'!$A$3:$G$4201,3,0)) -> m³ | F81: 2.24 | G81: =IF($C81="","",VLOOKUP($B81,'200 ONERADO'!$A$3:$H$4201,6,0)) -> 3154.45 | H81: =ROUND(G81*(1+#REF!),2) -> #REF! | J81: =IF($C81="","",ROUND(F81*H81,2)) -> #REF!
A82: 2.5 | B82: 15.05.520 | C82: CDHU | D82: =IF($C82="","",VLOOKUP($B82,'200 ONERADO'!$A$3:$G$4201,2,0)) -> Placas, vigas e pilares em concreto armado pré-moldado - fck= 35 MPa | E82: =IF($C82="","",VLOOKUP($B82,'200 ONERADO'!$A$3:$G$4201,3,0)) -> m³ | F82: =Cálculos!#REF! -> #REF! | G82: =IF($C82="","",VLOOKUP($B82,'200 ONERADO'!$A$3:$H$4201,6,0)) -> 3154.45 | H82: =ROUND(G82*(1+#REF!),2) -> #REF! | J82: =IF($C82="","",ROUND(F82*H82,2)) -> #REF!
A83: 2.5 | B83: 15.05.520 | C83: CDHU | D83: =IF($C83="","",VLOOKUP($B83,'200 ONERADO'!$A$3:$G$4201,2,0)) -> Placas, vigas e pilares em concreto armado pré-moldado - fck= 35 MPa | E83: =IF($C83="","",VLOOKUP($B83,'200 ONERADO'!$A$3:$G$4201,3,0)) -> m³ | F83: =Cálculos!E45 -> 54.72 | G83: =IF($C83="","",VLOOKUP($B83,'200 ONERADO'!$A$3:$H$4201,6,0)) -> 3154.45 | H83: =ROUND(G83*(1+0.23),2) -> 3879.97 | J83: =IF($C83="","",ROUND(F83*H83,2)) -> 212311.96
A84: 2.5 | B84: 15.05.520 | C84: CDHU | D84: =IF($C84="","",VLOOKUP($B84,'200 ONERADO'!$A$3:$G$4201,2,0)) -> Placas, vigas e pilares em concreto armado pré-moldado - fck= 35 MPa | E84: =IF($C84="","",VLOOKUP($B84,'200 ONERADO'!$A$3:$G$4201,3,0)) -> m³ | F84: 2.24 | G84: =IF($C84="","",VLOOKUP($B84,'200 ONERADO'!$A$3:$H$4201,6,0)) -> 3154.45 | H84: =ROUND(G84*(1+0.23),2) -> 3879.97 | J84: =IF($C84="","",ROUND(F84*H84,2)) -> 8691.13
A87: 3.2 | B87: 24.12.01.01 | C87: TPU_DER-SP | D87: Enchimento de vala com pedra britada 1 e 2 | E87: m³ | G87: 224.39 | H87: =G87 -> 224.39 | J87: =IF($C87="","",ROUND(F87*H87,2)) -> 0
A90: 9.0 | B90: GUARDA-CORPO
A91: 9.1 | B91: 26.05.01 | C91: TPU_DER-SP | D91: Forma plana para concreto armado comum | E91: m² | G91: 172.85 | H91: =G91 -> 172.85 | J91: =IF($C91="","",ROUND(F91*H91,2)) -> 0 | L91: =PI()*1.4*40 -> 175.92919
A92: 9.2 | B92: 25.09.05 | C92: TPU_DER-SP | D92: Concreto fck = 25 MPa | E92: m³ | G92: 850.23 | H92: =G92 -> 850.23 | J92: =IF($C92="","",ROUND(F92*H92,2)) -> 0
A93: 9.3 | B93: 26.06.02 | C93: TPU_DER-SP | D93: Barra de aço CA-50 | E93: kg | G93: 15.27 | H93: =G93 -> 15.27 | J93: =IF($C93="","",ROUND(F93*H93,2)) -> 0
A94: 9.4 | B94: 37.05.06 | C94: TPU_DER-SP | D94: Suporte galvanizado D=2 1/2' | E94: m | G94: 172.6 | H94: =G94 -> 172.6 | J94: =IF($C94="","",ROUND(F94*H94,2)) -> 0
L102: Aduelas

Sheet Cálculos
J2: TRAVESSIA E MUROS: ESCAVAÇÃO | O2: SAB 240: BASE BRITA GRADUADA SIMPLES | W2: PINTURA ACRÍLICA EM ELEMENTOS EM CONCRETO | AC2: SINALIZAÇÃO VERTICAL - PLACAS | AI2: SINALIZAÇÃO VERTICAL - QUANTITATIVO DE SUPORTES
J3: Trecho | K3: Secção Transversal [m²] | L3: Comprimento [m] | M3: Volume [m²] | O3: Trecho | P3: Estaca En [m] | Q3: Estaca En+1 [m] | R3: Altura [m] | S3: Área [m²] | T3: Altura [m] | U3: BGS [m³] | W3: Elemento | X3: Quantidade [un] | Y3: Perímetro / Altura [m] | Z3: Comprimento [m] | AA3: Área [m²] | AC3: Suporte | AD3: Finalidade | AE3: Formato da placa | AF3: Denominação | AG3: Área [m²] | AI3: Suporte | AJ3: Finalidade | AK3: Comprimento Unitário [m] | AL3: Peso Unitário [kg/m] | AM3: Peso [kg]
J4: Aduelas | K4: 95.44 | L4: 6 | M4: =ROUND(K4*L4,2) -> 572.64 | O4: E00 a E01 | P4: 5.4 | Q4: 5.4 | R4: 20 | S4: =ROUND((P4+Q4)*R4/2,2) -> 108 | T4: 0.2 | U4: =ROUND(S4*T4,2) -> 21.6 | W4: Pilaretes Muretas | X4: 10 | Y4: 0.6 | Z4: 0.9 | AA4: =ROUND(X4*Y4*Z4,2) -> 5.4 | AC4: S1 | AD4: Ponte Estreita | AE4: Quadrada | AF4: A-22 | AG4: 0.25 | AI4: S1 | AJ4: Ponte Estreita | AK4: 3 | AL4: 4.35 | AM4: =ROUND(AK4*AL4,2) -> 13.05
J5: Muro Ala 1 | K5: 8 | L5: 6 | M5: =ROUND(K5*L5,2) -> 48 | O5: E01 a E01 + 10,00 | P5: 5.4 | Q5: 5.4 | R5: 10 | S5: =ROUND((P5+Q5)*R5/2,2) -> 54 | T5: 0.2 | U5: =ROUND(S5*T5,2) -> 10.8 | W5: Barreira Simples - Laterais | X5: 8 | Y5: 0.45 | Z5: 1.26 | AA5: =ROUND(X5*0.275,2) -> 2.2 | AC5: S2 | AD5: Ponte Estreita | AE5: Quadrada | AF5: A-22 | AG5: 0.25 | AI5: S2 | AJ5: Ponte Estreita | AK5: 3 | AL5: 4.35 | AM5: =ROUND(AK5*AL5,2) -> 13.05
J6: Muro Ala 2 | K6: 8 | L6: 6 | M6: =ROUND(K6*L6,2) -> 48 | O6: TOTAL | S6: =SUM(S4:S5) -> 162 | U6: =SUM(U4:U5) -> 32.4 | W6: Muro Ala | X6: 4 | Y6: 2.4 | Z6: 1.5 | AA6: =ROUND(X6*Y6*Z6,2) -> 14.4 | AC6: S3 | AD6: Velocidade Máxima Permitida | AE6: Circular | AF6: R-19 | AG6: 0.2 | AI6: S3 | AJ6: Velocidade Máxima Permitida | AK6: 3 | AL6: 4.35 | AM6: =ROUND(AK6*AL6,2) -> 13.05
J7: Muro Ala 3 | K7: 8 | L7: 6 | M7: =ROUND(K7*L7,2) -> 48 | O7: FATOR DE EMPOLAMENTO DO BGS (γs / γcomp.) | U7: =ROUND(2.2/1.7,2) -> 1.29 | W7: Muro Contenção | X7: 2 | Y7: 0.8 | Z7: 5.8 | AA7: =ROUND(X7*Y7*Z7,2) -> 9.28 | AC7: S4 | AD7: Velocidade Máxima Permitida | AE7: Circular | AF7: R-19 | AG7: 0.2 | AI7: S4 | AJ7: Velocidade Máxima Permitida | AK7: 3 | AL7: 4.35 | AM7: =ROUND(AK7*AL7,2) -> 13.05
J8: Muro Ala 4 | K8: 8 | L8: 6 | M8: =ROUND(K8*L8,2) -> 48 | O8: TOTAL CORRIGIDO | U8: =ROUND(U6*U7,2) -> 41.8 | W8: TOTAL | AA8: =SUM(AA4:AA7) -> 31.28 | AC8: TOTAL | AG8: =SUM(AG4:AG8) -> 0.9 | AI8: TOTAL | AM8: =SUM(AM4:AM8) -> 52.2
J9: TOTAL | M9: =SUM(M4:M8) -> 764.64
B11: TRAVESSIA: FUNDAÇÃO EM PEDRA AMARROADA | J11: TRAVESSIA E MUROS: REATERRO | O11: REATERRO DA VIA
B12: Elemento | C12: Comprim. [m] | D12: Largura [m] | E12: Área [m²] | F12: Altura [m] | G12: Rachão [m³] | J12: Trecho | K12: Secção Transversal [m²] | L12: Comprimento [m] | M12: Volume [m²] | O12: Trecho | P12: Comprimento [m] | Q12: Largura [m] | R12: Altura [m] | S12: BGS [m³]
B13: Base das Aduelas | C13: AutoCAD | D13: AutoCAD | E13: =10.2*6+2*4.59 -> 70.38 | F13: 0.5 | G13: =ROUND(E13*F13,2) -> 35.19 | J13: Aduelas | K13: 43.46 | L13: 6 | M13: =ROUND(K13*L13,2) -> 260.76 | O13: V103 a V104 | P13: 9.6 | Q13: 1.55 | R13: 0.8 | S13: =ROUND(P13*Q13*R13,2) -> 11.9
B14: Base Muro Ala 1 | C14: 6 | D14: 3 | E14: =ROUND(C14*D14,2) -> 18 | F14: 0.5 | G14: =ROUND(E14*F14,2) -> 9 | J14: Muro Ala 1 | K14: 13.62 | L14: 6 | M14: =ROUND(K14*L14,2) -> 81.72 | O14: V104 a V105 | P14: 9.6 | Q14: 1.7 | R14: 0.8 | S14: =ROUND(P14*Q14*R14,2) -> 13.06
B15: Base Muro Ala 2 | C15: 6 | D15: 3 | E15: =ROUND(C15*D15,2) -> 18 | F15: 0.5 | G15: =ROUND(E15*F15,2) -> 9 | J15: Muro Ala 2 | K15: 13.62 | L15: 6 | M15: =ROUND(K15*L15,2) -> 81.72 | O15: V105 a V106 | P15: 9.6 | Q15: 1.55 | R15: 0.8 | S15: =ROUND(P15*Q15*R15,2) -> 11.9
B16: Base Muro Ala 3 | C16: 6 | D16: 3 | E16: =ROUND(C16*D16,2) -> 18 | F16: 0.5 | G16: =ROUND(E16*F16,2) -> 9 | J16: Muro Ala 3 | K16: 13.62 | L16: 6 | M16: =ROUND(K16*L16,2) -> 81.72 | O16: TOTAL | S16: =SUM(S13:S15) -> 36.86
B17: Base Muro Ala 4 | C17: 6 | D17: 3 | E17: =ROUND(C17*D17,2) -> 18 | F17: 0.5 | G17: =ROUND(E17*F17,2) -> 9 | J17: Muro Ala 4 | K17: 13.62 | L17: 6 | M17: =ROUND(K17*L17,2) -> 81.72
B18: TOTAL | G18: =SUM(G13:G17) -> 71.19 | J18: TOTAL | M18: =SUM(M13:M17) -> 587.64
B22: TRAVESSIA: GABIÃO CAIXA, h = 0,50 m | J22: TRAVESSIA E MUROS: MANTA GEOTÊXTIL
B23: Elemento | C23: Quant. [un] | D23: Comprim. [m] | E23: Largura [m] | F23: Área [m²] | G23: Altura [m] | H23: Gabião [m³] | J23: Trecho | K23: Largura [m] | L23: Comprimento [m] | M23: Volume [m²]
B24: Base Emboc. Montante | C24: 1 | D24: AutoCAD | E24: AutoCAD | F24: 75.43 | G24: 0.5 | H24: =ROUND(F24*G24,2) -> 37.72 | J24: Muro Ala 1 | K24: 6 | L24: 8 | M24: =ROUND(K24*L24,2) -> 48
B25: Base Emboc. Jusante | C25: 1 | D25: AutoCAD | E25: AutoCAD | F25: 75.43 | G25: 0.5 | H25: =ROUND(F25*G25,2) -> 37.72 | J25: Muro Ala 2 | K25: 6 | L25: 8 | M25: =ROUND(K25*L25,2) -> 48
B26: TOTAL | H26: =SUM(H24:H25) -> 75.44 | J26: Muro Ala 3 | K26: 6 | L26: 8 | M26: =ROUND(K26*L26,2) -> 48
J27: Muro Ala 4 | K27: 6 | L27: 8 | M27: =ROUND(K27*L27,2) -> 48
J28: TOTAL | M28: =SUM(M24:M27) -> 192
F30: =Cálculos!M24Área -> #NAME?
B33: TRAVESSIA: GABIÃO CAIXA, h = 1,00 m
B34: Elemento | C34: Quant. [un] | D34: Comprim. [m] | E34: Largura [m] | F34: Área [m²] | G34: Altura [m] | H34: Gabião [m³]
B35: Muros Alas (Nvl 1) | C35: =4*17 -> 68 | D35: 1 | E35: 1 | F35: =C35*D35*E35 -> 68 | G35: 1 | H35: =ROUND(F35*G35,2) -> 68
B36: Muros Alas (Nvl 2) | C36: =4*19 -> 76 | D36: 1 | E36: 1 | F36: =C36*D36*E36 -> 76 | G36: 1 | H36: =ROUND(F36*G36,2) -> 76
B37: Muros Alas (Nvl 3) | C37: =4*9 -> 36 | D37: 1 | E37: 1 | F37: =C37*D37*E37 -> 36 | G37: 1 | H37: =ROUND(F37*G37,2) -> 36
B38: Muros Alas (Nvl 4) | C38: =4*4 -> 16 | D38: 1 | E38: 1 | F38: =C38*D38*E38 -> 16 | G38: 1 | H38: =ROUND(F38*G38,2) -> 16
B39: TOTAL | H39: =SUM(H35:H38) -> 196
H41: =H26+H39 -> 271.44
B42: ELEMENTOS EM CONCRETO PRÉ-MOLDADOS
B43: Elemento | C43: Comprim. [m] | D43: Secção Transversal [m²] | E43: Volume [m³]
B44: Aduelas 3,00x3,00 m | C44: =3*6 -> 18 | D44: =14.96-11.92 -> 3.04 | E44: =ROUND(C44*D44,2) -> 54.72
B45: TOTAL | E45: =SUM(E44:E44) -> 54.72
B47: ELEMENTOS EM CONCRETO ARMADO
B48: Elemento | C48: Comprim. [m] | D48: Secção Transversal [m²] | E48: Forma [m²] | F48: Volume [m³] | G48: Taxa Aço [kg/m³] | H48: Aço CA-50 [m³]
B49: Viga V101 | C49: 6 | D49: =0.8*0.3 -> 0.24 | E49: =ROUND(2*C49*0.8,2) -> 9.6 | F49: =ROUND(C49*D49,2) -> 1.44 | G49: 80 | H49: =ROUND(F49*G49,2) -> 115.2
B50: Viga V102 | C50: 6 | D50: =0.8*0.3 -> 0.24 | E50: =ROUND(2*C50*0.8,2) -> 9.6 | F50: =ROUND(C50*D50,2) -> 1.44 | G50: 80 | H50: =ROUND(F50*G50,2) -> 115.2
B51: Viga V103 | C51: 9.6 | D51: =0.8*0.3 -> 0.24 | E51: =ROUND(2*C51*0.8,2) -> 15.36 | F51: =ROUND(C51*D51,2) -> 2.3 | G51: 80 | H51: =ROUND(F51*G51,2) -> 184
B52: Viga V104 | C52: 9.6 | D52: =0.8*0.3 -> 0.24 | E52: =ROUND(2*C52*0.8,2) -> 15.36 | F52: =ROUND(C52*D52,2) -> 2.3 | G52: 80 | H52: =ROUND(F52*G52,2) -> 184
B53: Viga V105 | C53: 9.6 | D53: =0.8*0.3 -> 0.24 | E53: =ROUND(2*C53*0.8,2) -> 15.36 | F53: =ROUND(C53*D53,2) -> 2.3 | G53: 80 | H53: =ROUND(F53*G53,2) -> 184
B54: TOTAL | E54: =SUM(E49:E53) -> 65.28 | F54: =SUM(F49:F53) -> 9.78 | H54: =SUM(H49:H53) -> 782.4
B56: BARREIRA EM CONCRETO PRÉ-MOLDADO | H56: =E49+E50+E51+E52 -> 49.92
B57: Elemento | C57: Comprim. [m] | D57: Secção Transversal [m²] | E57: Volume [m³]
B58: Defensa 1 | C58: 9 | D58: 0.275 | E58: =ROUND(C58*D58,2) -> 2.48
B59: Defensa 2 | C59: 9 | D59: 0.275 | E59: =ROUND(C59*D59,2) -> 2.48
B60: TOTAL | E60: =SUM(E58:E59) -> 4.96

Sheet CFF_SELMA
B2: CRONOGRAMA FÍSICO FINANCEIRO DE EXECUÇÃO DOS SERVIÇOS
B3: Obra: CONSTRUÇÃO DE TRAVESSIAS SOBRE OS CÓRREGOS DO ANGOLA E DO BRÁS FERNANDES, SANTA BRANCA - SP
B4: Item | C4: Descrição | D4: 1º Mês | J4: 2º Mês | P4: 3º Mês | V4: 4º Mês
D5: 5 | E5: 10 | F5: 15 | G5: 20 | H5: 25 | I5: 30 | J5: 5 | K5: 10 | L5: 15 | M5: 20 | N5: 25 | O5: 30 | P5: 5 | Q5: 10 | R5: 15 | S5: 20 | T5: 25 | U5: 30 | V5: 5 | W5: 10 | X5: 15 | Y5: 20 | Z5: 25 | AA5: 30
B6: 1.0 | C6: Serviços preliminares | D6: Mobilização
B7: 2.0 | C7: Movimentação de solo
B8: 3.0 | C8: Infraestrutura
B9: 4.0 | C9: Estrutura
B10: 5.0 | C10: Laje de fundo
B11: 6.0 | C11: Viga unha
B12: 7.0 | C12: Viga testa
B13: 8.0 | C13: Enrocamento à jusante
B14: 9.0 | C14: Guarda-corpo
B15: 10.0 | C15: Serviços complementares
B16: Porcentagem Aplicada no Mês | D16: 0 | J16: =ROUNDDOWN(J17/$D$18,4) -> #REF! | P16: =ROUND(P17/$D$18,4) -> #REF! | V16: =ROUND(V17/$D$18,4) -> #REF!
B17: RECURSO ESTADUAL | D17: 0 | J17: =Caetê!J23+Caetê!J27+Caetê!J32 -> 418736.82 | P17: =Caetê!J37+Caetê!J42+Caetê!J46+Caetê!#REF! -> #REF! | V17: =Caetê!#REF!+Caetê!J49+Caetê!J56 -> #REF! | AI17: =J17+P17+V17 -> #REF!
B18: VALOR TOTAL | D18: =J17+P17+V17 -> #REF!
AA20: Santa Branca, 29 de maio de 2024.
H22: Arthur Ribeiro Alvares Pimenta
H23: Secretário Municipal de Serviços, Obras e Transportes
H24: Engenheiro Civil - CREA/SP: 5069103559
AI28: =D28+J28+P28+V28+AB28 -> 0
B29: TOTAL | D29: =Caetê!J17 -> 0 | J29: =Caetê!J17 -> 0 | P29: =Caetê!J24 -> 0

Sheet CFF
A3: MUNICÍPIO DE SANTA BRANCA
A4: Secretaria Municipal de Serviços, Obras e Transportes
A6: CRONOGRAMA FÍSICO-FINANCEIRO
A8: Obra: Construção de Travessia na Rodovia SAB 428, Bairro Caetê, Santa Branca - SP.
A11: Descrição da Atividade | B11: A realizar em Mês
B12: Ordem | C12: 1 | D12: 2 | E12: 3 | F12: 4 | G12: 5 | H12: 6 | I12: Total
A13: Serviços Preliminares | B13: 1 | C13: =Caetê!J23 -> 30259.45 | I13: =SUM(C13:H13) -> 30259.45
A14: Movimentação de solo | B14: 2 | D14: =Caetê!J27 -> 26013.05 | I14: =SUM(C14:H14) -> 26013.05
A15: Infraestrutura | B15: 3 | E15: =Caetê!J32 -> 362464.32 | I15: =SUM(C15:H15) -> 362464.32
A16: Estrutura | B16: 4 | F16: =Caetê!J37 -> 270519.06 | I16: =SUM(C16:H16) -> 270519.06
A17: Vigas de Travamento | B17: 5 | G17: =Caetê!J42 -> 33162.35 | I17: =SUM(C17:H17) -> 33162.35
A18: Recomposição da via | B18: 6 | G18: =Caetê!J46 -> 17345.91 | I18: =SUM(C18:H18) -> 17345.91
A19: Guarda corpo | B19: 7 | H19: =Caetê!J49 -> 21797.78 | I19: =SUM(C19:H19) -> 21797.78
A20: Serviços complementares | B20: 8 | H20: =Caetê!J56 -> 7717.18 | I20: =SUM(C20:H20) -> 7717.18
A21: TOTAL | C21: =SUM(C13:C20) -> 30259.45 | D21: =SUM(D13:D20) -> 26013.05 | E21: =SUM(E13:E20) -> 362464.32 | F21: =SUM(F13:F20) -> 270519.06 | G21: =SUM(G13:G20) -> 50508.26 | H21: =SUM(H13:H20) -> 29514.96 | I21: =SUM(C21:H21) -> 769279.1
I23: Santa Branca, 07 de abril de 2026.
A26: Arthur Ribeiro Alvares Pimenta
A27: Secretário Municipal de Serviços, Obras e Transportes
A28: CREA/SP: 5069103559
C190: m²
C191: m²
C192: m²
A721: 13.01.190 | B721: Laje pré-fabricada mista vigota treliçada/lajota cerâmica - LT 24 (20+4) e capa com concreto de 25 MPa | C721: M2 | D721: 141,86 | F721: 35,10 | G721: 176,96
A722: 13.01.210 | B722: Laje pré-fabricada mista vigota treliçada/lajota cerâmica - LT 30 (24+6) e capa com concreto de 25 MPa | C722: M2 | D722: 178,03 | F722: 38,54 | G722: 216,57
A723: 13.01.310 | B723: Laje pré-fabricada unidirecional em viga treliçada/lajota em EPS LT 12 (8 + 4), com capa de concreto de 25 MPa | C723: M2 | D723: 102,42 | F723: 29,71 | G723: 132,13
A724: 13.01.320 | B724: Laje pré-fabricada unidirecional em viga treliçada/lajota em EPS LT 16 (12 + 4), com capa de concreto de 25 MPa | C724: M2 | D724: 119,56 | F724: 29,71 | G724: 149,27
A725: 13.01.330 | B725: Laje pré-fabricada unidirecional em viga treliçada/lajota em EPS LT 20 (16 + 4), com capa de concreto de 25 MPa | C725: M2 | D725: 163,32 | F725: 32,41 | G725: 195,73
A726: 13.01.340 | B726: Laje pré-fabricada unidirecional em viga treliçada/lajota em EPS LT 25 (20 + 5), com capa de concreto de 25 MPa | C726: M2 | D726: 152,83 | F726: 35,10 | G726: 187,93
A727: 13.01.350 | B727: Laje pré-fabricada unidirecional em viga treliçada/lajota em EPS LT 30 (25 + 5), com capa de concreto de 25 MPa | C727: M2 | D727: 240,53 | F727: 38,54 | G727: 279,07
A728: 13.02 | B728: Laje pre-fabricada mista em vigotas protendidas e lajotas
A729: 13.02.150 | B729: Laje pré-fabricada mista vigota protendida/lajota cerâmica - LP 12 (8+4) e capa com concreto de 25 MPa | C729: M2 | D729: 114,25 | F729: 29,71 | G729: 143,96
A730: 13.02.170 | B730: Laje pré-fabricada mista vigota protendida/lajota cerâmica - LP 16 (12+4) e capa com concreto de 25 MPa | C730: M2 | D730: 131,21 | F730: 32,41 | G730: 163,62
A731: 13.02.190 | B731: Laje pré-fabricada mista vigota protendida/lajota cerâmica - LP 20 (16+4) e capa com concreto de 25 MPa | C731: M2 | D731: 141,10 | F731: 35,10 | G731: 176,20
A732: 13.02.210 | B732: Laje pré-fabricada mista vigota protendida/lajota cerâmica - LP 25 (20+5) e capa com concreto de 25 MPa | C732: M2 | D732: 152,71 | F732: 38,54 | G732: 191,25
A733: 13.05 | B733: Pre-laje
A734: 13.05.084 | B734: Pré-laje em painel pré-fabricado treliçado, com EPS, H= 12 cm | C734: M2 | D734: 129,94 | F734: 9,05 | G734: 138,99
A735: 13.05.090 | B735: Pré-laje em painel pré-fabricado treliçado, com EPS, H= 16 cm | C735: M2 | D735: 134,52 | F735: 9,52 | G735: 144,04
A736: 13.05.094 | B736: Pré-laje em painel pré-fabricado treliçado, com EPS, H= 20 cm | C736: M2 | D736: 146,74 | F736: 9,98 | G736: 156,72
A737: 13.05.096 | B737: Pré-laje em painel pré-fabricado treliçado, com EPS, H= 25 cm | C737: M2 | D737: 169,79 | F737: 10,17 | G737: 179,96
A738: 13.05.110 | B738: Pré-laje em painel pré-fabricado treliçado, H= 12 cm | C738: M2 | D738: 121,44 | F738: 9,05 | G738: 130,49
A739: 13.05.150 | B739: Pré-laje em painel pré-fabricado treliçado, H= 16 cm | C739: M2 | D739: 131,40 | F739: 9,51 | G739: 140,91
A740: 14 | B740: ALVENARIA E ELEMENTO DIVISOR
A741: 14.01 | B741: Alvenaria de fundação (embasamento)
A742: 14.01.020 | B742: Alvenaria de embasamento em tijolo maciço comum | C742: M3 | D742: 459,31 | F742: 307,51 | G742: 766,82
A743: 14.01.050 | B743: Alvenaria de embasamento em bloco de concreto de 14 x 19 x 39 cm - classe A | C743: M2 | D743: 47,06 | F743: 29,51 | G743: 76,57
A744: 14.01.060 | B744: Alvenaria de embasamento em bloco de concreto de 19 x 19 x 39 cm - classe A | C744: M2 | D744: 61,29 | F744: 30,18 | G744: 91,47
A745: 14.02 | B745: Alvenaria com tijolo maciço comum ou especial
A746: 14.02.020 | B746: Alvenaria de elevação de 1/4 tijolo maciço comum | C746: M2 | D746: 28,34 | F746: 37,98 | G746: 66,32
A747: 14.02.030 | B747: Alvenaria de elevação de 1/2 tijolo maciço comum | C747: M2 | D747: 39,03 | F747: 60,10 | G747: 99,13
A748: 14.02.040 | B748: Alvenaria de elevação de 1 tijolo maciço comum | C748: M2 | D748: 86,16 | F748: 97,51 | G748: 183,67
A749: 14.02.050 | B749: Alvenaria de elevação de 1 1/2 tijolo maciço comum | C749: M2 | D749: 124,59 | F749: 120,25 | G749: 244,84
A750: 14.02.070 | B750: Alvenaria de elevação de 1/2 tijolo maciço aparente | C750: M2 | D750: 108,04 | F750: 60,10 | G750: 168,14
A751: 14.02.080 | B751: Alvenaria de elevação de 1 tijolo maciço aparente | C751: M2 | D751: 244,78 | F751: 97,51 | G751: 342,29
A752: 14.03 | B752: Alvenaria com tijolo laminado aparente
A753: 14.03.020 | B753: Alvenaria de elevação de 1/4 tijolo laminado | C753: M2 | D753: 96,71 | F753: 53,56 | G753: 150,27
A754: 14.03.040 | B754: Alvenaria de elevação de 1/2 tijolo laminado | C754: M2 | D754: 182,47 | F754: 101,01 | G754: 283,48
A755: 14.03.060 | B755: Alvenaria de elevação de 1 tijolo laminado | C755: M2 | D755: 377,90 | F755: 141,28 | G755: 519,18
A756: 14.04 | B756: Alvenaria com bloco cerâmico de vedação
A757: 14.04.200 | B757: Alvenaria de bloco cerâmico de vedação, uso revestido, de 9 cm | C757: M2 | D757: 27,45 | F757: 27,19 | G757: 54,64
A758: 14.04.210 | B758: Alvenaria de bloco cerâmico de vedação, uso revestido, de 14 cm | C758: M2 | D758: 37,83 | F758: 29,51 | G758: 67,34
A759: 14.04.220 | B759: Alvenaria de bloco cerâmico de vedação, uso revestido, de 19 cm | C759: M2 | D759: 38,67 | F759: 31,66 | G759: 70,33
A760: 14.05 | B760: Alvenaria com bloco cerâmico estrutural
A761: 14.05.050 | B761: Alvenaria de bloco cerâmico estrutural, uso revestido, de 14 cm | C761: M2 | D761: 30,14 | F761: 29,51 | G761: 59,65
A762: 14.05.060 | B762: Alvenaria de bloco cerâmico estrutural, uso revestido, de 19 cm | C762: M2 | D762: 37,73 | F762: 31,66 | G762: 69,39
A763: 14.1 | B763: Alvenaria com bloco de concreto de vedação
A764: 14.10.101 | B764: Alvenaria de bloco de concreto de vedação de 9 x 19 x 39 cm - classe C | C764: M2 | D764: 27,05 | F764: 27,19 | G764: 54,24
A765: 14.10.111 | B765: Alvenaria de bloco de concreto de vedação de 14 x 19 x 39 cm - classe C | C765: M2 | D765: 33,61 | F765: 29,51 | G765: 63,12
A766: 14.10.121 | B766: Alvenaria de bloco de concreto de vedação de 19 x 19 x 39 cm - classe C | C766: M2 | D766: 43,32 | F766: 30,18 | G766: 73,50
A767: 14.11 | B767: Alvenaria com bloco de concreto estrutural
A768: 14.11.221 | B768: Alvenaria de bloco de concreto estrutural 14 x 19 x 39 cm - classe B | C768: M2 | D768: 42,24 | F768: 33,22 | G768: 75,46
A769: 14.11.231 | B769: Alvenaria de bloco de concreto estrutural 19 x 19 x 39 cm - classe B | C769: M2 | D769: 56,67 | F769: 34,06 | G769: 90,73
A770: 14.11.261 | B770: Alvenaria de bloco de concreto estrutural 14 x 19 x 39 cm - classe A | C770: M2 | D770: 48,09 | F770: 43,98 | G770: 92,07
A771: 14.11.271 | B771: Alvenaria de bloco de concreto estrutural 19 x 19 x 39 cm - classe A | C771: M2 | D771: 62,78 | F771: 46,88 | G771: 109,66
A772: 14.15 | B772: Alvenaria de concreto celular ou silico calcário
A773: 14.15.060 | B773: Alvenaria em bloco de concreto celular autoclavado de 10 cm, uso revestido - classe C25 | C773: M2 | D773: 77,00 | F773: 12,89 | G773: 89,89
A774: 14.15.100 | B774: Alvenaria em bloco de concreto celular autoclavado de 12,5 cm, uso revestido - classe C25 | C774: M2 | D774: 92,60 | F774: 13,22 | G774: 105,82
A775: 14.15.120 | B775: Alvenaria em bloco de concreto celular autoclavado de 15 cm, uso revestido - classe C25 | C775: M2 | D775: 113,65 | F775: 13,39 | G775: 127,04
A776: 14.15.140 | B776: Alvenaria em bloco de concreto celular autoclavado de 20 cm, uso revestido - classe C25 | C776: M2 | D776: 142,25 | F776: 13,89 | G776: 156,14
A777: 14.2 | B777: Pecas moldadas no local (vergas, pilaretes, etc.)
A778: 14.20.010 | B778: Vergas, contravergas e pilaretes de concreto armado | C778: M3 | D778: 1.003,12 | F778: 701,88 | G778: 1.705,00
A779: 14.20.020 | B779: Cimalha em concreto com pingadeira | C779: M | D779: 2,96 | F779: 6,36 | G779: 9,32
A780: 14.28 | B780: Elementos vazados (concreto, cerâmica e vidros)
A781: 14.28.030 | B781: Elemento vazado em concreto, tipo quadriculado de 39 x 39 x 10 cm | C781: M2 | D781: 109,45 | F781: 55,39 | G781: 164,84
A782: 14.28.096 | B782: Elemento vazado em concreto, tipo veneziana de 39 x 39 x 10 cm | C782: M2 | D782: 130,45 | F782: 55,40 | G782: 185,85
A783: 14.28.100 | B783: Elemento vazado em vidro, tipo veneziana capelinha de 20 x 10 x 10 cm | C783: M2 | D783: 1.248,66 | F783: 150,24 | G783: 1.398,90
A784: 14.28.140 | B784: Elemento vazado em vidro, tipo veneziana de 20 x 20 x 6 cm | C784: M2 | D784: 831,98 | F784: 99,75 | G784: 931,73
A785: 14.3 | B785: Divisória e fechamento
A786: 14.30.010 | B786: Divisória em placas de granito com espessura de 3 cm | C786: M2 | D786: 765,82 | F786: 64,63 | G786: 830,45
A787: 14.30.020 | B787: Divisória em placas de granilite com espessura de 3 cm | C787: M2 | D787: 208,28 | G787: 208,28
A788: 14.30.070 | B788: Divisória sanitária em painel laminado melamínico estrutural com perfis em alumínio, inclusive ferragem completa para vão de porta | C788: M2 | D788: 523,08 | G788: 523,08
A789: 14.30.080 | B789: Divisão para mictório em placas de mármore branco, com espessura de 3 cm | C789: M2 | D789: 875,82 | F789: 64,63 | G789: 940,45
A790: 14.30.110 | B790: Divisória cega tipo naval, acabamento em laminado fenólico melamínico, com espessura de 3,5 cm | C790: M2 | D790: 110,71 | G790: 110,71
A791: 14.30.160 | B791: Divisória em placas de gesso acartonado, resistência ao fogo 60 minutos, espessura 120/90mm - 1RF / 1RF LM | C791: M2 | D791: 143,36 | G791: 143,36
A792: 14.30.190 | B792: Divisória cega tipo naval com miolo mineral, acabamento em laminado melamínico, com espessura de 3,5 cm | C792: M2 | D792: 131,52 | G792: 131,52
A793: 14.30.230 | B793: Divisória painel/vidro/vidro tipo naval, acabamento em laminado fenólico melamínico, com espessura de 3,5 cm | C793: M2 | D793: 139,33 | G793: 139,33
A794: 14.30.260 | B794: Divisória em placas de gesso acartonado, resistência ao fogo 30 minutos, espessura 73/48mm - 1ST / 1ST | C794: M2 | D794: 130,41 | G794: 130,41
A795: 14.30.270 | B795: Divisória em placas de gesso acartonado, resistência ao fogo 30 minutos, espessura 73/48mm - 1ST / 1ST LM | C795: M2 | D795: 116,18 | G795: 116,18
A796: 14.30.300 | B796: Divisória em placas de gesso acartonado, resistência ao fogo 30 minutos, espessura 100/70mm - 1ST / 1ST LM | C796: M2 | D796: 155,41 | G796: 155,41
A797: 14.30.310 | B797: Divisória em placas de gesso acartonado, resistência ao fogo 30 minutos, espessura 100/70mm - 1ST / 1ST | C797: M2 | D797: 115,83 | G797: 115,83
A798: 14.30.410 | B798: Divisória em placas de gesso acartonado, resistência ao fogo 30 minutos, espessura 100/70mm - 1RU / 1RU | C798: M2 | D798: 197,00 | G798: 197,00
...

Sheet superado
A6: MUNICÍPIO DE SANTA BRANCA
A7: Secretaria Municipal de Serviços, Obras e Transportes
A9: CRONOGRAMA FÍSICO-FINANCEIRO
A11: Obra: CONSTRUÇÃO DE TRAVESSIAS SOBRE CÓRREGO
A12: Local da Obra: AVENIDA BENEDITO JOSÉ DE SOUZA, JARDIM SELMA - SANTA BRANCA - SP
A13: Local da Obra: RUA UM, CHÁCARAS SANTA TEREZINHA - SANTA BRANCA - SP
A15: ITEM | B15: SERVIÇOS | C15: TOTAL | D15: DESCRIÇÃO | E15: 1º MÊS | F15: 2º MÊS | G15: 3º MÊS | H15: 4º MÊS | I15: 5º MÊS | J15: 6º ao 8º MÊS
A16: 1.0 | B16: SERVIÇOS PRELIMINARES | C16: =Caetê!J17 -> 0 | D16: % Executada | E16: MOBILIZAÇÃO | F16: 1 | G16: 0 | H16: 0 | I16: 0 | J16: DESMOBILIZAÇÃO E TRÂMITES BUROCRÁTICOS
D17: % Acumulada | F17: =E17+F16 -> 1 | G17: =F17+G16 -> 1 | H17: =G17+H16 -> 1 | I17: =H17+I16 -> 1
D18: Cronograma
D19: Vencimento | F19: =+F16*$C16 -> 0 | G19: =+G16*$C16 -> 0 | H19: =+H16*$C16 -> 0 | I19: =+I16*$C16 -> 0
A20: 2.0 | B20: =Caetê!B24 -> MOVIMENTAÇÃO DE SOLO | C20: =Caetê!J24 -> 0 | D20: % Executada | F20: 0.3 | G20: 0.7 | H20: 0 | I20: 0
D21: % Acumulada | F21: =E21+F20 -> 0.3 | G21: =F21+G20 -> 1 | H21: =G21+H20 -> 1 | I21: =H21+I20 -> 1
D22: Cronograma
D23: Vencimento | F23: =+F20*$C20 -> 0 | G23: =+G20*$C20 -> 0 | H23: =+H20*$C20 -> 0 | I23: =+I20*$C20 -> 0
A24: 3.0 | B24: =Caetê!#REF! -> #REF! | C24: =Caetê!#REF! -> #REF! | D24: % Executada | F24: 0 | G24: 0 | H24: 0.5 | I24: 0.5
D25: % Acumulada | F25: =E25+F24 -> 0 | G25: =F25+G24 -> 0 | H25: =G25+H24 -> 0.5 | I25: =H25+I24 -> 1
D26: Cronograma
D27: Vencimento | F27: =+F24*$C24 -> #REF! | G27: =+G24*$C24 -> #REF! | H27: =+H24*$C24 -> #REF! | I27: =+I24*$C24 -> #REF!
A28: TOTAL | C28: =SUM(C16:C27) -> #REF! | E28: 0 | F28: =+F19+F23+F27 -> #REF! | G28: =+G19+G23+G27 -> #REF! | H28: =+H19+H23+H27 -> #REF! | I28: =+I19+I23+I27 -> #REF! | J28: 0
A29: % EXECUTADA | C29: 0 | E29: =ROUND(E28/$C$28,4) -> #REF! | F29: =ROUND(F28/$C$28,4) -> #REF! | G29: =ROUND(G28/$C$28,4) -> #REF! | H29: =ROUND(H28/$C$28,4) -> #REF! | I29: =ROUND(I28/$C$28,4) -> #REF! | J29: =ROUND(J28/$C$28,4) -> #REF!
A30: R$ ACUMULADO PERÍODO | C30: 0 | E30: =E28 -> 0 | F30: =+E30+F28 -> #REF! | G30: =+F30+G28 -> #REF! | H30: =+G30+H28 -> #REF! | I30: =+H30+I28 -> #REF! | J30: =+I30+J28 -> #REF!
A31: % ACUMULADA TOTAL | C31: 0 | E31: =+E30/$C$28 -> #REF! | F31: =+F30/$C$28 -> #REF! | G31: =+G30/$C$28 -> #REF! | H31: =+H30/$C$28 -> #REF! | I31: =+I30/$C$28 -> #REF! | J31: =+J30/$C$28 -> #REF!
J33: Santa Branca, 15 de abril de 2024.
A35: Arthur Ribeiro Alvares Pimenta
A36: Secretário Municipal de Serviços, Obras e Transportes
A37: Engenheiro Civil - CREA/SP: 5069103559
A731: 13.01.190 | B731: Laje pré-fabricada mista vigota treliçada/lajota cerâmica - LT 24 (20+4) e capa com concreto de 25 MPa | C731: M2 | D731: 141,86 | E731: 172,27
A732: 13.01.210 | B732: Laje pré-fabricada mista vigota treliçada/lajota cerâmica - LT 30 (24+6) e capa com concreto de 25 MPa | C732: M2 | D732: 178,03 | E732: 211,41
A733: 13.01.310 | B733: Laje pré-fabricada unidirecional em viga treliçada/lajota em EPS LT 12 (8 + 4), com capa de concreto de 25 MPa | C733: M2 | D733: 102,42 | E733: 128,17
A734: 13.01.320 | B734: Laje pré-fabricada unidirecional em viga treliçada/lajota em EPS LT 16 (12 + 4), com capa de concreto de 25 MPa | C734: M2 | D734: 119,56 | E734: 145,31
A735: 13.01.330 | B735: Laje pré-fabricada unidirecional em viga treliçada/lajota em EPS LT 20 (16 + 4), com capa de concreto de 25 MPa | C735: M2 | D735: 163,32 | E735: 191,40
A736: 13.01.340 | B736: Laje pré-fabricada unidirecional em viga treliçada/lajota em EPS LT 25 (20 + 5), com capa de concreto de 25 MPa | C736: M2 | D736: 152,83 | E736: 183,24
A737: 13.01.350 | B737: Laje pré-fabricada unidirecional em viga treliçada/lajota em EPS LT 30 (25 + 5), com capa de concreto de 25 MPa | C737: M2 | D737: 240,53 | E737: 273,91
A738: 13.02 | B738: Laje pre-fabricada mista em vigotas protendidas e lajotas
A739: 13.02.150 | B739: Laje pré-fabricada mista vigota protendida/lajota cerâmica - LP 12 (8+4) e capa com concreto de 25 MPa | C739: M2 | D739: 114,25 | E739: 140,00
A740: 13.02.170 | B740: Laje pré-fabricada mista vigota protendida/lajota cerâmica - LP 16 (12+4) e capa com concreto de 25 MPa | C740: M2 | D740: 131,21 | E740: 159,29
A741: 13.02.190 | B741: Laje pré-fabricada mista vigota protendida/lajota cerâmica - LP 20 (16+4) e capa com concreto de 25 MPa | C741: M2 | D741: 141,10 | E741: 171,51
A742: 13.02.210 | B742: Laje pré-fabricada mista vigota protendida/lajota cerâmica - LP 25 (20+5) e capa com concreto de 25 MPa | C742: M2 | D742: 152,71 | E742: 186,09
A743: 13.05 | B743: Pre-laje
A744: 13.05.084 | B744: Pré-laje em painel pré-fabricado treliçado, com EPS, H= 12 cm | C744: M2 | D744: 129,94 | E744: 137,79
A745: 13.05.090 | B745: Pré-laje em painel pré-fabricado treliçado, com EPS, H= 16 cm | C745: M2 | D745: 134,52 | E745: 142,78
A746: 13.05.094 | B746: Pré-laje em painel pré-fabricado treliçado, com EPS, H= 20 cm | C746: M2 | D746: 146,74 | E746: 155,40
A747: 13.05.096 | B747: Pré-laje em painel pré-fabricado treliçado, com EPS, H= 25 cm | C747: M2 | D747: 169,79 | E747: 178,61
A748: 13.05.110 | B748: Pré-laje em painel pré-fabricado treliçado, H= 12 cm | C748: M2 | D748: 121,44 | E748: 129,29
A749: 13.05.150 | B749: Pré-laje em painel pré-fabricado treliçado, H= 16 cm | C749: M2 | D749: 131,40 | E749: 139,65
A750: 14 | B750: ALVENARIA E ELEMENTO DIVISOR
A751: 14.01 | B751: Alvenaria de fundação (embasamento)
A752: 14.01.020 | B752: Alvenaria de embasamento em tijolo maciço comum | C752: M3 | D752: 459,31 | E752: 725,81
A753: 14.01.050 | B753: Alvenaria de embasamento em bloco de concreto de 14 x 19 x 39 cm - classe A | C753: M2 | D753: 47,06 | E753: 72,63
A754: 14.01.060 | B754: Alvenaria de embasamento em bloco de concreto de 19 x 19 x 39 cm - classe A | C754: M2 | D754: 61,29 | E754: 87,44
A755: 14.02 | B755: Alvenaria com tijolo maciço comum ou especial
A756: 14.02.020 | B756: Alvenaria de elevação de 1/4 tijolo maciço comum | C756: M2 | D756: 28,34 | E756: 61,24
A757: 14.02.030 | B757: Alvenaria de elevação de 1/2 tijolo maciço comum | C757: M2 | D757: 39,03 | E757: 91,10
A758: 14.02.040 | B758: Alvenaria de elevação de 1 tijolo maciço comum | C758: M2 | D758: 86,16 | E758: 170,67
A759: 14.02.050 | B759: Alvenaria de elevação de 1 1/2 tijolo maciço comum | C759: M2 | D759: 124,59 | E759: 228,81
A760: 14.02.070 | B760: Alvenaria de elevação de 1/2 tijolo maciço aparente | C760: M2 | D760: 108,04 | E760: 160,11
A761: 14.02.080 | B761: Alvenaria de elevação de 1 tijolo maciço aparente | C761: M2 | D761: 244,78 | E761: 329,29
A762: 14.03 | B762: Alvenaria com tijolo laminado aparente
A763: 14.03.020 | B763: Alvenaria de elevação de 1/4 tijolo laminado | C763: M2 | D763: 96,71 | E763: 143,12
A764: 14.03.040 | B764: Alvenaria de elevação de 1/2 tijolo laminado | C764: M2 | D764: 182,47 | E764: 270,00
A765: 14.03.060 | B765: Alvenaria de elevação de 1 tijolo laminado | C765: M2 | D765: 377,90 | E765: 500,33
A766: 14.04 | B766: Alvenaria com bloco cerâmico de vedação
A767: 14.04.200 | B767: Alvenaria de bloco cerâmico de vedação, uso revestido, de 9 cm | C767: M2 | D767: 27,45 | E767: 51,01
A768: 14.04.210 | B768: Alvenaria de bloco cerâmico de vedação, uso revestido, de 14 cm | C768: M2 | D768: 37,83 | E768: 63,40
A769: 14.04.220 | B769: Alvenaria de bloco cerâmico de vedação, uso revestido, de 19 cm | C769: M2 | D769: 38,67 | E769: 66,11
A770: 14.05 | B770: Alvenaria com bloco cerâmico estrutural
A771: 14.05.050 | B771: Alvenaria de bloco cerâmico estrutural, uso revestido, de 14 cm | C771: M2 | D771: 30,14 | E771: 55,71
A772: 14.05.060 | B772: Alvenaria de bloco cerâmico estrutural, uso revestido, de 19 cm | C772: M2 | D772: 37,73 | E772: 65,17
A773: 14.1 | B773: Alvenaria com bloco de concreto de vedação
A774: 14.10.101 | B774: Alvenaria de bloco de concreto de vedação de 9 x 19 x 39 cm - classe C | C774: M2 | D774: 27,05 | E774: 50,61
A775: 14.10.111 | B775: Alvenaria de bloco de concreto de vedação de 14 x 19 x 39 cm - classe C | C775: M2 | D775: 33,61 | E775: 59,18
A776: 14.10.121 | B776: Alvenaria de bloco de concreto de vedação de 19 x 19 x 39 cm - classe C | C776: M2 | D776: 43,32 | E776: 69,47
A777: 14.11 | B777: Alvenaria com bloco de concreto estrutural
A778: 14.11.221 | B778: Alvenaria de bloco de concreto estrutural 14 x 19 x 39 cm - classe B | C778: M2 | D778: 42,24 | E778: 71,02
A779: 14.11.231 | B779: Alvenaria de bloco de concreto estrutural 19 x 19 x 39 cm - classe B | C779: M2 | D779: 56,67 | E779: 86,18
A780: 14.11.261 | B780: Alvenaria de bloco de concreto estrutural 14 x 19 x 39 cm - classe A | C780: M2 | D780: 48,09 | E780: 86,20
A781: 14.11.271 | B781: Alvenaria de bloco de concreto estrutural 19 x 19 x 39 cm - classe A | C781: M2 | D781: 62,78 | E781: 103,41
A782: 14.15 | B782: Alvenaria de concreto celular ou silico calcário
A783: 14.15.060 | B783: Alvenaria em bloco de concreto celular autoclavado de 10 cm, uso revestido - classe C25 | C783: M2 | D783: 77,00 | E783: 88,16
A784: 14.15.100 | B784: Alvenaria em bloco de concreto celular autoclavado de 12,5 cm, uso revestido - classe C25 | C784: M2 | D784: 92,60 | E784: 104,05
A785: 14.15.120 | B785: Alvenaria em bloco de concreto celular autoclavado de 15 cm, uso revestido - classe C25 | C785: M2 | D785: 113,65 | E785: 125,24
A786: 14.15.140 | B786: Alvenaria em bloco de concreto celular autoclavado de 20 cm, uso revestido - classe C25 | C786: M2 | D786: 142,25 | E786: 154,28
A787: 14.2 | B787: Pecas moldadas no local (vergas, pilaretes, etc.)
A788: 14.20.010 | B788: Vergas, contravergas e pilaretes de concreto armado | C788: M3 | D788: 1.003,12 | E788: 1.611,43
A789: 14.20.020 | B789: Cimalha em concreto com pingadeira | C789: M | D789: 2,96 | E789: 8,46
A790: 14.28 | B790: Elementos vazados (concreto, cerâmica e vidros)
A791: 14.28.030 | B791: Elemento vazado em concreto, tipo quadriculado de 39 x 39 x 10 cm | C791: M2 | D791: 109,45 | E791: 157,45
A792: 14.28.096 | B792: Elemento vazado em concreto, tipo veneziana de 39 x 39 x 10 cm | C792: M2 | D792: 130,45 | E792: 178,45
A793: 14.28.100 | B793: Elemento vazado em vidro, tipo veneziana capelinha de 20 x 10 x 10 cm | C793: M2 | D793: 1.248,66 | E793: 1.378,84
A794: 14.28.140 | B794: Elemento vazado em vidro, tipo veneziana de 20 x 20 x 6 cm | C794: M2 | D794: 831,98 | E794: 918,42
A795: 14.3 | B795: Divisória e fechamento
A796: 14.30.010 | B796: Divisória em placas de granito com espessura de 3 cm | C796: M2 | D796: 765,82 | E796: 821,84
A797: 14.30.020 | B797: Divisória em placas de granilite com espessura de 3 cm | C797: M2 | D797: 208,28 | E797: 208,28
A798: 14.30.070 | B798: Divisória sanitária em painel laminado melamínico estrutural com perfis em alumínio, inclusive ferragem completa para vão de porta | C798: M2 | D798: 523,08 | E798: 523,08
A799: 14.30.080 | B799: Divisão para mictório em placas de mármore branco, com espessura de 3 cm | C799: M2 | D799: 875,82 | E799: 931,84
A800: 14.30.110 | B800: Divisória cega tipo naval, acabamento em laminado fenólico melamínico, com espessura de 3,5 cm | C800: M2 | D800: 110,71 | E800: 110,71
A801: 14.30.160 | B801: Divisória em placas de gesso acartonado, resistência ao fogo 60 minutos, espessura 120/90mm - 1RF / 1RF LM | C801: M2 | D801: 143,36 | E801: 143,36
A802: 14.30.190 | B802: Divisória cega tipo naval com miolo mineral, acabamento em laminado melamínico, com espessura de 3,5 cm | C802: M2 | D802: 131,52 | E802: 131,52
A803: 14.30.230 | B803: Divisória painel/vidro/vidro tipo naval, acabamento em laminado fenólico melamínico, com espessura de 3,5 cm | C803: M2 | D803: 139,33 | E803: 139,33
...

Sheet CRONOGRAMA DE EXECUÇÃO
B2: 3.CRONOGRAMA DE EXECUÇÃO (META, ETAPA OU FASE)
B3: Meta | C3: Etapa | D3: Especificação | E3: Indicador Físico | G3: Duração
C4: Fase | E4: Unidade | F4: Quantidade | G4: Início | H4: Término
B5: 1 | C5: Primeira | D5: Serviços preliminares | E5: un.mês | F5: 3 | G5: 2º Mês | H5: 2º Mês
B6: 2 | C6: Segunda | D6: Ponte da Avenida Benedito José de Souza, Jardim Selma | E6: un | F6: 1 | G6: 3º Mês | H6: 4º Mês
B11: 3.CRONOGRAMA DE EXECUÇÃO (META, ETAPA OU FASE)
B12: Meta | C12: Etapa | D12: Especificação | E12: Indicador Físico | G12: Duração
C13: Fase | E13: Unidade | F13: Quantidade | G13: Início | H13: Término
B14: 1 | C14: Primeira | D14: Serviços preliminares | E14: un.mês | F14: 3 | G14: 2º Mês | H14: 2º Mês
B15: 2 | C15: Segunda | D15: Ponte da Rua Um, Chácaras Santa Terezinha | E15: un | F15: 1 | G15: 3º Mês | H15: 4º Mês

Sheet CFF_Convênio_Estado
B2: CRONOGRAMA FÍSICO FINANCEIRO DE EXECUÇÃO DOS SERVIÇOS
B3: Obra: CONSTRUÇÃO DE TRAVESSIA NA RODOVIA SAB 428, BAIRRO CAETÊ, SANTA BRANCA-SP.
B4: Item | C4: Descrição | D4: 1º Mês | J4: 2º Mês | P4: 3º Mês | V4: 4º Mês | AB4: 5º Mês
D5: 5 | E5: 10 | F5: 15 | G5: 20 | H5: 25 | I5: 30 | J5: 5 | K5: 10 | L5: 15 | M5: 20 | N5: 25 | O5: 30 | P5: 5 | Q5: 10 | R5: 15 | S5: 20 | T5: 25 | U5: 30 | V5: 5 | W5: 10 | X5: 15 | Y5: 20 | Z5: 25 | AA5: 30 | AB5: 5 | AC5: 10 | AD5: 15 | AE5: 20 | AF5: 25 | AG5: 30
B6: 1.0 | C6: Serviços preliminares
B7: 2.0 | C7: Ponte Avenida Benedito José de Souza, Jardim Selma
B8: 3.0 | C8: Ponte Rua Um, Chácaras Santa Terezinha
B9: Porcentagem Aplicada no Mês | D9: 1 | J9: 0.5 | P9: 0.5 | V9: 0.5 | AB9: 0.5 | AI9: =D10+J10+P10+V10+AB10 -> #REF!
B10: RECURSO ESTADUAL | D10: =D21 -> #REF! | J10: =J21 -> 0 | P10: =P21 -> 0 | V10: =V21 -> #REF! | AB10: =AB21 -> #REF! | AI10: =D10/D21 -> #REF!
B11: VALOR TOTAL | D11: =D10+J10+P10+V10+AB10 -> #REF!
AG13: Santa Branca, 16 de maio de 2024.
H15: Arthur Ribeiro Alvares Pimenta
H16: Secretário Municipal de Serviços, Obras e Transportes
H17: Engenheiro Civil - CREA/SP: 5069103559
J20: =J21+P21 -> 0 | V20: =V21+AB21 -> #REF!
D21: =D22 -> #REF! | J21: =0.5*J22 -> 0 | P21: =0.5*P22 -> 0 | V21: =0.5*V22 -> #REF! | AB21: =0.5*AB22 -> #REF! | AI21: =D21+J21+P21+V21+AB21 -> #REF!
B22: TOTAL | D22: =Caetê!J17+#REF! -> #REF! | J22: =Caetê!J24 -> 0 | P22: =J22 -> 0 | V22: =#REF! -> #REF! | AB22: =V22 -> #REF!
D27: =D10+#REF! -> #REF! | J27: =J10+#REF! -> #REF! | P27: =P10+#REF! -> #REF! | V27: =V10+#REF! -> #REF! | AB27: =AB10+#REF! -> #REF! | AI27: 12564.73
AI28: 106956.1
AI29: 106956.1
AI30: 100062.89
AI31: 100062.89
AI32: =SUM(AI27:AI31) -> 426602.71
